 Dungeon Crawl Stone Soup version 0.30-a0-576-g89cddaab80 (webtiles) character file.

Game seed: 7937408630733320340

17020149 MackTheKnife the Grand Master (level 27, 319/319 HPs)
             Began as an Octopode Delver on Dec 29, 2022.
             Was an Initiate of Gozag.
             Escaped with the Orb
             ... and 15 runes on Dec 30, 2022!
             The game lasted 04:17:42 (91172 turns).

MackTheKnife the Grand Master (Octopode Delver)    Turns: 91172, Time: 04:17:42

Health: 319/319    AC: 36    Str: 30    XL:     27
Magic:  50/50      EV: 45    Int: 39    God:    Gozag
Gold:   2544       SH: 17    Dex: 23    Spells: 5/63 levels left

rFire   + + .      SeeInvis +      - Unarmed
rCold   + . .      Faith    .    n - +5 buckler "Zonaesobb" {rF++ rC+ Regen+ Int+4}
rNeg    + + +      Spirit   .    I - +2 hat {Will+} rPois โˆž Reflect .
                                 C - amulet "Fotsys" {rElec Regen+ Str+6}
rElec   +          Harm     .    S - ring "Cecaa" {Str+6 Slay+3}
rCorr   +          Rampage  .    U - ring of Ru's Righteous Anger {Wiz rCorr}
Will    +++++      Clarity  +    J - ring of the Hare {EV+10}
Stlth   ++++                     s - ring "Rylitz" {rPois Str+3 Dex+3}
HPRegen 2.33/turn                f - +6 ring of intelligence
MPRegen 0.32/turn                H - ring of Ynak Pae {Fly Will+ Dex+4 SInv}
                                 G - ring of Oghoschi {rN++ Will+ MP+9 Int+6 Dex-4}
                                 X - ring "Kuddac" {Int+4 Dex+3 SInv Stlth+}

@: statue-form, gold aura, flying, studying 2 skills, very slow
A: slow and powerful, torment resistance 1, boosted hp, almost no armour,
amphibious, 8 rings, camouflage 1, (gelatinous body 1), (nimble swimmer 1),
tentacles, large bone plates 1, clarity, clever 1, low MP 1, sense surroundings
1, robust 1, weak 1
0: Orb of Zot
}: 15/15 runes: decaying, serpentine, slimy, silver, golden, iron, obsidian,
icy, bone, abyssal, demonic, glowing, magical, fiery, dark
a: End Transformation, Renounce Religion, Potion Petition, Call Merchant, Bribe
Branch


You escaped.
You worshipped Gozag.
Gozag was most pleased with you.
You were a living statue of rough stone.
You visited 18 branches of the dungeon, and saw 87 of its levels.
You visited Pandemonium 1 time, and saw 22 of its levels.
You visited the Abyss 1 time.
You visited 1 bazaar.
You also visited: Ossuary, Bailey and Ice Cave.

You collected 52269 gold pieces.
You spent 10160 gold pieces at shops.
You paid 39565 gold pieces to Gozag.


Innate Abilities, Weirdness & Mutations

You are a living statue of rough stone.
Your actions are slow, but your melee attacks are powerful.
You are resistant to unholy torment.
Your maximum health is greatly increased.
You are immune to poison.
You cannot wear most types of armour.
You are amphibious.
You can wear up to eight rings at the same time.
Your skin changes colour to match your surroundings (Stealth+).
((Your rubbery body absorbs attacks. (AC +1, EV +1)))
((You are camouflaged when in or above water. (Stealth+)))
You have tentacles for arms and can constrict up to eight enemies at once.
You are partially covered in large bone plates. (SH +4)
You possess an exceptional clarity of mind.
Your mind is acute. (Int +4, Str/Dex -1)
Your magical capacity is low. (-10% MP)
You passively map a small area around you.
You are robust. (+10% HP)
You are weak. (Str -2)


   Skills:
 O Level 27 Fighting
 - Level 2.0 Ranged Weapons
 O Level 27 Dodging
 O Level 27 Stealth
 - Level 11.2 Shields
 O Level 27 Unarmed Combat
 + Level 18.9 Spellcasting
 - Level 7.4 Conjurations
 - Level 4.4 Hexes
 - Level 6.9 Summonings
 - Level 9.2 Necromancy
 - Level 7.7 Translocations
 - Level 20.7 Transmutations
 + Level 22.6 Earth Magic
 - Level 11.0 Poison Magic
 - Level 10.0 Evocations


You had 5 spell levels left.
You knew the following spells:

 Your Spells              Type           Power      Damage    Failure   Level
a - Statue Form           Tmut/Erth      78%        N/A       0%          6
b - Eringya's Noxious Bo  Tmut/Pois      51%        N/A       1%          6
c - Blink                 Tloc           100%       N/A       1%          2
d - Apportation           Tloc           100%       N/A       1%          1
e - Yara's Violent Unrav  Hex/Tmut       47%        3d18      1%          5
f - Manifold Assault      Tloc           78%        N/A       1%          4
g - Irradiate             Conj/Tmut      49%        3d28      1%          5
h - Dragon Form           Tmut           57%        N/A       1%          7
i - Summon Forest         Summ/Tloc      38%        N/A       1%          5
j - Death Channel         Necr           41%        N/A       1%          6
k - Shatter               Erth           60%        3d45*     3%          9
z - Wereblood             Tmut           100%       N/A       0%          2

Your spell library contained the following spells:

 Spells                   Type           Power      Damage    Failure   Level
 Beastly Appendage        Tmut           100%       N/A       0%          1
 Necrotise                Necr           100%       1d9       0%          1
 Sting                    Tmut/Pois      100%       1d8       0%          1
 Passwall                 Tmut/Erth      97%        N/A       0%          2
 Spider Form              Tmut/Pois      100%       N/A       0%          3
 Petrify                  Tmut/Erth      100%       N/A       0%          4
 Blade Hands              Tmut           57%        N/A       0%          5
 Lee's Rapid Deconstruct  Erth           60%        3d28*     0%          5
 Kiss of Death            Conj/Necr      100%       2d13      1%          1
 Magic Dart               Conj           100%       1d8       1%          1
 Shock                    Conj/Air       100%       1d9       1%          1
 Slow                     Hex            100%       N/A       1%          1
 Summon Small Mammal      Summ           100%       N/A       1%          1
 Call Imp                 Summ           75%        N/A       1%          2
 Cigotuvi's Dreadful Rot  Necr/Pois/Air  100%       N/A       1%          2
 Ensorcelled Hibernation  Hex/Ice        100%       N/A       1%          2
 Momentum Strike          Conj/Tloc      100%       3d10      1%          2
 Poisonous Vapours        Pois/Air       100%       N/A       1%          2
 Scorch                   Fire           74%        2d8       1%          2
 Sublimation of Blood     Necr           83%        N/A       1%          2
 Confusing Touch          Hex            64%        N/A       1%          3
 Dazzling Flash           Conj/Hex       100%       N/A       1%          3
 Gell's Gravitas          Tloc           78%        N/A       1%          3
 Ignite Poison            Fire/Tmut/Pois 88%        N/A       1%          3
 Inner Flame              Hex/Fire       53%        N/A       1%          3
 Kindle Blastsparks       Fire/Tloc/Air  100%       2d18      1%          3
 Lesser Beckoning         Tloc           100%       N/A       1%          3
 Mephitic Cloud           Conj/Pois/Air  71%        N/A       1%          3
 Ozocubu's Armour         Ice            37%        N/A       1%          3
 Portal Projectile        Hex/Tloc       100%       N/A       1%          3
 Summon Guardian Golem    Hex/Summ       69%        N/A       1%          3
 Teleport Other           Tloc           78%        N/A       1%          3
 Tukima's Dance           Hex            64%        N/A       1%          3
 Vampiric Draining        Necr           83%        2d11      1%          3
 Vhi's Electric Charge    Tloc/Air       100%       N/A       1%          3
 Anguish                  Hex/Necr       37%        N/A       1%          4
 Cause Fear               Hex            32%        N/A       1%          4
 Dispel Undead            Necr           83%        3d27      1%          4
 Flame Wave               Conj/Fire      60%        2d14      1%          4
 Fulminant Prism          Conj/Hex       35%        3d17      1%          4
 Iskenderun's Mystic Bla  Conj/Tloc      77%        2d15      1%          4
 Passage of Golubria      Tloc           78%        N/A       1%          4
 Sticky Flame             Conj/Fire      60%        2d8       1%          4
 Summon Lightning Spire   Summ/Air       59%        N/A       1%          4
 Iskenderun's Battlesphe  Conj           76%        2d12      1%          5
 Arcjolt                  Conj/Air       30%        1d40      2%          5
 Fireball                 Conj/Fire      30%        3d13      2%          5
 Lightning Bolt           Conj/Air       30%        1d47      2%          5
 Airstrike                Air            18%        2d(3-19)  3%          4
 Freezing Cloud           Conj/Ice/Air   27%        6-21      3%          5
 Metabolic Englaciation   Hex/Ice        26%        N/A       4%          5
 Silence                  Hex/Air        26%        N/A       4%          5
 Iron Shot                Conj/Erth      50%        9d10      1%          6
 Dispersal                Tloc           39%        N/A       2%          6
 Summon Cactus Giant      Summ           37%        N/A       3%          6
 Storm Form               Tmut/Air       43%        N/A       4%          7
 Necromutation            Tmut/Necr      50%        N/A       4%          8
 Starburst                Conj/Fire      30%        6d9       12%         6
 Malign Gateway           Summ/Tloc      38%        N/A       16%         7
 Orb of Destruction       Conj           38%        9d11      16%         7
 Spellforged Servitor     Conj/Summ      37%        N/A       16%         7
 Summon Hydra             Summ           37%        N/A       17%         7
 Enfeeble                 Hex            32%        N/A       43%         7
 Borgnjor's Revivificati  Necr           41%        N/A       45%         8
 Disjunction              Tloc           39%        N/A       65%         8
 Summon Horrible Things   Summ           37%        N/A       77%         8
 Discord                  Hex            32%        N/A       97%         8
 Maxwell's Capacitive Co  Air            18%        โˆž       100%        8
 Chain Lightning          Conj/Air       30%        3d40      100%        9
 Death's Door             Necr           41%        N/A       100%        9
 Dragon's Call            Summ           37%        N/A       100%        9
 Fire Storm               Conj/Fire      30%        8d8       100%        9
 Polar Vortex             Ice            18%        N/A       100%        9
 Animate Armour           Summ/Erth      Unusable   N/A       N/A         4
 Simulacrum               Ice/Necr       Unusable   N/A       N/A         6

Inventory:

Armour
 n - the +5 buckler "Zonaesobb" (worn) {rF++ rC+ Regen+ Int+4}
   (You acquired it on level 2 of the Vaults)

   Int:       It affects your intelligence (+4).
   rF:        It greatly protects you from fire.
   rC:        It protects you from cold.
   Regen:     It increases your rate of health regeneration.
 I - a +2 hat of willpower (worn)
   (You took it off Gastronok on level 8 of the Dungeon)
Jewellery
 f - a +6 ring of intelligence (on tentacle)
   (You found it in Pandemonium)
 s - the ring "Rylitz" (on tentacle) {rPois Str+3 Dex+3}
   (You bought it in a shop on level 5 of the Lair of Beasts)

   [ring of poison resistance]

   Str:       It affects your strength (+3).
   Dex:       It affects your dexterity (+3).
   rPois:     It protects you from poison.
 t - a ring of protection from fire
   (You found it on level 7 of the Dungeon)
 A - a ring of protection from cold
   (You bought it in a shop on level 3 of the Realm of Zot)
 B - the amulet of False Pretenses {RegenMP rElec Int+2 Slay+2}
   (You found it on level 7 of the Dungeon)

   [amulet of magic regeneration]

   It increases your rate of magic regeneration.
   Int:       It affects your intelligence (+2).
   Slay:      It affects your accuracy & damage with ranged weapons and melee
   (+2).
   rElec:     It insulates you from electricity.
 C - the amulet "Fotsys" (around mantle) {rElec Regen+ Str+6}
   (You bought it in a shop on level 2 of the Realm of Zot)

   [amulet of regeneration]

   Str:       It affects your strength (+6).
   rElec:     It insulates you from electricity.
   Regen:     It increases your rate of health regeneration.
 G - the ring of Oghoschi (on tentacle) {rN++ Will+ MP+9 Int+6 Dex-4}
   (You found it on level 2 of the Vaults)

   [ring of magical power]

   Int:       It affects your intelligence (+6).
   Dex:       It affects your dexterity (-4).
   rN:        It greatly protects you from negative energy.
   MP:        It affects your magic capacity (+9).
   Will:      It increases your willpower.
 H - the ring of Ynak Pae (on tentacle) {Fly Will+ Dex+4 SInv}
   (You found it on level 2 of the Depths)

   [ring of flight]

   Dex:       It affects your dexterity (+4).
   SInv:      It lets you see invisible.
   Fly:       It grants you flight.
   Will:      It increases your willpower.
 J - the ring of the Hare (on tentacle) {EV+10}
   (You took it off a deep elf high priest on level 3 of the Elven Halls)

   [ring of evasion]

   EV:        It affects your evasion (+10).
 K - the ring of Shadows {Umbra +Inv Stlth+}
   (You found it on level 7 of Gehenna)

   [ring of stealth]

   It surrounds you with an aura of shadow, increasing your stealth and reducing
   the accuracy of all others within it.
   +Inv:      It lets you turn invisible.
   Stlth:     It makes you more stealthy.
 S - the ring "Cecaa" (left tentacle) {Str+6 Slay+3}
   (You found it on level 2 of the Depths)

   [ring of strength]

   Str:       It affects your strength (+6).
   Slay:      It affects your accuracy & damage with ranged weapons and melee
   (+3).
 T - a ring of protection from cold
   (You found it on level 5 of the Lair of Beasts)
 U - the ring of Ru's Righteous Anger (right tentacle) {Wiz rCorr}
   (You bought it in a shop in the Vestibule of Hell)

   [ring of wizardry]

   It improves your spell success rate.
   rCorr:     It protects you from acid and corrosion.
 X - the ring "Kuddac" (on tentacle) {Int+4 Dex+3 SInv Stlth+}
   (You found it on level 2 of the Depths)

   [ring of see invisible]

   Int:       It affects your intelligence (+4).
   Dex:       It affects your dexterity (+3).
   SInv:      It lets you see invisible.
   Stlth:     It makes you more stealthy.
Wands
 e - a wand of digging (30)
 v - a wand of iceblast (51)
   (You found it in an ossuary)
 D - a wand of flame (64)
   (You found it on level 6 of the Dungeon)
 Y - a wand of acid (41)
   (You found it on level 14 of the Dungeon)
Scrolls
 b - 2 scrolls of magic mapping {!r}
 c - 6 scrolls of fear
 r - 26 scrolls of teleportation {@r4}
 u - 9 scrolls of poison {!r}
 w - 11 scrolls of immolation {!r!r}
 M - 13 scrolls of blinking {!r}
 N - 8 scrolls of silence {!r}
 O - 17 scrolls of fog
 P - 12 scrolls of vulnerability {!r!r}
 Q - 10 scrolls of butterflies
 R - 6 scrolls of enchant armour
Potions
 d - 10 potions of haste {@q3}
 g - 6 potions of magic
 h - 2 potions of invisibility
 i - 17 potions of might
 k - 8 potions of brilliance
 l - 8 potions of mutation {!q}
 o - 5 potions of resistance
 p - 57 potions of curing {@q1}
 q - 15 potions of flight
 x - 11 potions of cancellation
 z - 14 potions of attraction {!q}
 F - 17 potions of heal wounds {@q2}
 V - 9 potions of ambrosia
Miscellaneous
 a - a box of beasts
   (You found it on level 5 of the Vaults)
 j - the horn of Geryon
   (You took it off Geryon in the Vestibule of Hell)
 m - a phial of floods
   (You found it on level 5 of the Pits of Slime)
 y - a figurine of a ziggurat
 E - a lightning rod (4/4)
   (You found it on level 3 of the Elven Halls)
 L - a condenser vane
   (You found it on level 10 of the Dungeon)
 W - a tin of tremorstones (2/2) {throwing}
   (You found it on level 3 of the Elven Halls)
 Z - a phantom mirror
   (You found it on level 3 of the Elven Halls)

Dungeon Overview and Level Annotations

Branches:
Dungeon (15/15)            Temple (1/1) D:4            Lair (5/5) D:9
  Swamp (4/4) Lair:2        Snake (4/4) Lair:2        Slime (5/5) Lair:5
    Orc (2/2) D:10            Elf (3/3) Orc:2        Vaults (5/5) D:13
  Crypt (3/3) Vaults:3       Tomb (3/3) Crypt:3      Depths (4/4) D:15
   Hell (visited)             Dis (7/7) Hell            Geh (7/7) Hell
    Coc (7/7) Hell            Tar (7/7) Hell            Zot (5/5) Depths:4
Ossuary (visited)          Bailey (visited)           IceCv (visited)

Altars:
Ashenzari
Cheibriados
Elyvilon
Fedhas
Gozag
Hepliaklqana
Kikubaaqudgha
Makhleb
Nemelex Xobeh
Okawaru
Qazlal
Ru
Sif Muna
Trog
Uskayaw
Vehumet
Wu Jian
Xom
Yredelemnul
Zin
The Shining One
Jiyva

Shops:
D:1 =   D:7 ![(*   D:9 !   D:10 :   D:13 **   D:15 !   Orc:2 *(*:   Lair:3 ?
Lair:5 =   Swamp:1 *   Snake:1 :=:   Snake:2 *[?   Snake:3 :   Snake:4 [
Hell =   Zot:2 =**   Zot:3 =!   Zot:5 *   Depths:2 [   Depths:3 *?[:?

Portals:
Hell: Depths:1 Depths:2 Depths:3 Depths:4
Abyss: Depths:3
Pandemonium: Depths:2
Ziggurat: Depths:4

Annotations:
D:6 Prince Ribbit
D:15 Roxanne
Lair:3 2 transporters, exclusion: upstairs, Domino's ghost, journeyman MiBe
Snake:3 Vashnia
Elf:1 3 runed translucent doors, caveywoolpert's ghost, journeyman DgEE
Elf:2 3 runed translucent doors
Vaults:2 2 transporters, Putsipo's ghost, veteran GrGl

#........b..........
#######.####......(#
#.............#
##.#..........#
##############
#.......#..#.#
######..###..#..#.#
#....#..#..#...##.#
#.82.'..#..'.#..'..
#....#..####.#..#.#
######..#.....###.#
##.2.##.....ยง#
############. #. #.
#. #######.


You could see a hellion.


Message History

There is a stone staircase leading up here.
You fly upwards.
There is a stone staircase leading down here.
(D) Dungeon (T) Temple (L) Lair (S) Swamp (P) Snake Pit (M) Slime Pits (O) Orcish Mines (E) Elven Halls (V) Vaults (C) Crypt (W) Tomb (U) Depths (H) Hell (I) Dis (G) Gehenna (X) Cocytus (Y) Tartarus (Z) Zot
Where to? (Enter - D:1, ? - help)
What level of the Dungeon? (default 1, ? - help)
An Orb Guardian comes into view.
The Orb Guardian barely misses you. The Orb Guardian completely misses you.
You thrash the Orb Guardian!!!!
You kill the Orb Guardian!
Your phantom mirror has recharged.
No target in view!
No target in view!
An Orb Guardian comes into view.
There is a stone staircase leading up here.
You fly upwards.
There is a stone staircase leading down here.
Unknown command.
Okay, then.
(D) Dungeon (T) Temple (L) Lair (S) Swamp (P) Snake Pit (M) Slime Pits (O) Orcish Mines (E) Elven Halls (V) Vaults (C) Crypt (W) Tomb (U) Depths (H) Hell (I) Dis (G) Gehenna (X) Cocytus (Y) Tartarus (Z) Zot
Where to? (Enter - D:1, ? - help)
What level of the Dungeon? (default 1, ? - help)
A reaper comes into view. It is wielding a +4 heavy scythe.
Unknown command.
There is a stone staircase leading up here.
You fly upwards.
There is a stone staircase leading down here.
(D) Dungeon (T) Temple (L) Lair (S) Swamp (P) Snake Pit (M) Slime Pits (O) Orcish Mines (E) Elven Halls (V) Vaults (C) Crypt (W) Tomb (U) Depths (H) Hell (I) Dis (G) Gehenna (X) Cocytus (Y) Tartarus (Z) Zot
Where to? (Enter - D:1, ? - help)
What level of the Dungeon? (default 1, ? - help)
Your transformation is almost over.
You revert to your normal fleshy form.
There is a stone staircase leading up here.
You fly upwards.
There is a stone staircase leading down here.
Key pressed, stopping travel. ๐Ÿ˜Ž HP[-73]
You now have 246 max hp (-73).
You turn into a living statue of rough stone. ๐Ÿ˜Ž HP[+73] MP[-6]
You now have 319 max hp (+73).
Your hp is fully restored (319).
You lost 6 mp, and now have 44/50 mp.
There is a stone staircase leading down here.
A lorocyproca comes into view.
The lorocyproca gives a chilling moan. ๐Ÿ˜Ž MP[+6]
Your mp is fully restored (50).
The lorocyproca completely misses you.
You bludgeon the lorocyproca! Your grab misses the lorocyproca.
You tentacle-slap the lorocyproca! You squeeze the lorocyproca!!
You thrash the lorocyproca!!!
You kill the lorocyproca!
No target in view!
(D) Dungeon (T) Temple (L) Lair (S) Swamp (P) Snake Pit (M) Slime Pits (O) Orcish Mines (E) Elven Halls (V) Vaults (C) Crypt (W) Tomb (U) Depths (H) Hell (I) Dis (G) Gehenna (X) Cocytus (Y) Tartarus (Z) Zot
Where to? (Enter - D:1 @ (x,y), ? - help)
You now have 2537 gold pieces (gained 5).
There is an open door here.
A Nent, a lich, an orange demon and a hellion come into view.
The lich shouts!
The orange demon moves out of view.
The hellion gestures at you.
The sphere of damnation explodes!
The damnation engulfs you!! ๐Ÿ˜• HP[-19]
You take 19 damage, and now have 300/319 hp.
Really read
M - 14 scrolls of blinking {!r}?
Blink to where?
Press: ? - help, Dir - move target
As you read the scroll of blinking {!r}, it crumbles to dust. ๐Ÿ˜• HP[+4]
You regained 4 hp, and now have 304/319 hp.
A soul eater comes into view. ๐Ÿ˜• HP[+3]
You regained 3 hp, and now have 307/319 hp. ๐Ÿ˜• HP[+4]
You regained 4 hp, and now have 311/319 hp.
You thrash the soul eater!!!!
You kill the soul eater! ๐Ÿ˜• HP[+1]
You now have 2544 gold pieces (gained 7). ๐Ÿ˜Ž HP[+7]
Your hp is fully restored (319).
There is an open door here.
There is a staircase leading out of the dungeon here.
You have escaped!

Skill      XL: |  1  2  3  4  5  6  7  8  9 10 11 12 13 14 15 16 17 18 19 20 21 22 23 24 25 26 27 |
---------------+----------------------------------------------------------------------------------+-----
Stealth        | 7 27 | 27.0
Unarmed Combat | 3 4 5 6 7 9 10 12 13 14 16 18 20 21 27 | 27.0
Dodging        | 3 4 5 7 8 10 11 13 14 16 27 | 27.0
Fighting       | 5 7 8 9 10 12 13 14 15 17 19 27 | 27.0
Evocations     | 9 10 | 10.0
Ranged Weapons | 2 |  2.0
Transmutations | 5 9 12 13 14 15 20 | 20.7
Earth Magic    | 5 9 12 13 22 | 22.6
Spellcasting   | 5 6 7 8 9 12 14 18 | 18.9
Shields        | 8 11 | 11.2
Translocations | 4 7 |  7.7
Hexes          | 4 |  4.4
Conjurations   | 7 |  7.4
Poison Magic   | 7 9 11 | 11.0
Summonings     | 6 |  6.9
Necromancy     | 9 |  9.2

Action                   |  1- 3 |  4- 6 |  7- 9 | 10-12 | 13-15 | 16-18 | 19-21 | 22-24 | 25-27 || total
-------------------------+-------+-------+-------+-------+-------+-------+-------+-------+-------++-------
Melee: Unarmed           |    63 |    77 |   272 |   448 |   994 |   797 |   791 |   561 |  4168 ||  8171
       Constrict         |    11 |    19 |    61 |    67 |   157 |   137 |   118 |    71 |   591 ||  1232
       Tentacles         |     8 |    15 |    59 |   139 |   282 |   250 |   235 |   157 |   998 ||  2143
       Punch             |     1 |     4 |    18 |    33 |   105 |    99 |   107 |    96 |   819 ||  1282
 Fire: Greatsling        |       |       |       |       |   160 |    28 |       |       |       ||   188
Throw: Dart              |       |     7 |     9 |    14 |       |       |       |       |       ||    30
 Cast: Statue Form       |       |       |       |       |       |    59 |    88 |    49 |   385 ||   581
       Wereblood         |       |       |       |       |       |       |    28 |    24 |   182 ||   234
       Manifold Assault  |       |       |       |       |       |       |    82 |    58 |   543 ||   683
       Yara's Violent Un |       |       |       |       |       |       |     3 |     2 |    19 ||    24
       Irradiate         |       |       |       |       |       |       |    11 |     3 |    15 ||    29
       Dragon Form       |       |       |       |       |       |       |       |       |     4 ||     4
       Eringya's Noxious |       |       |       |       |       |       |       |       |    12 ||    12
       Shatter           |       |       |       |       |       |       |       |       |     6 ||     6
       Summon Forest     |       |       |       |       |       |       |       |       |     3 ||     3
       Death Channel     |       |       |       |       |       |       |       |       |     2 ||     2
       Apportation       |       |       |       |       |       |       |       |       |     1 ||     1
       Blink             |       |       |       |       |       |       |       |       |     1 ||     1
Invok: Call Merchant     |       |       |       |     2 |     2 |     3 |     1 |       |     4 ||    12
       Potion Petition   |       |       |       |       |       |       |       |       |     6 ||     6
       Bribe Branch      |       |       |       |       |       |       |       |       |     6 ||     6
Evoke: Wand              |       |       |     6 |    23 |    32 |    11 |     2 |       |     1 ||    75
       Condenser vane    |       |       |       |     2 |     6 |     4 |     2 |     6 |    15 ||    35
       Piece from Xom's  |       |       |       |       |     3 |       |       |       |       ||     3
       Tin of tremorston |       |       |       |       |       |       |     2 |     1 |     4 ||     7
       Lightning rod     |       |       |       |       |       |       |     2 |       |       ||     2
       Phantom mirror    |       |       |       |       |       |       |     1 |       |     9 ||    10
       Box of beasts     |       |       |       |       |       |       |       |       |     6 ||     6
       Horn of Geryon    |       |       |       |       |       |       |       |       |     3 ||     3
       Phial of floods   |       |       |       |       |       |       |       |       |     2 ||     2
  Use: Scroll            |       |     3 |    16 |     4 |     5 |     4 |     7 |     2 |    34 ||    75
       Potion            |       |       |       |       |     1 |     2 |       |     1 |    38 ||    42
 Stab: Sleeping          |    17 |    15 |    13 |    19 |    25 |    11 |     6 |     4 |    36 ||   146
       Distracted        |       |       |       |     7 |     9 |    12 |    14 |    12 |   116 ||   170
       Petrified         |       |       |       |       |     3 |       |       |       |       ||     3
       Petrifying        |       |       |       |       |     2 |       |       |       |       ||     2
       Confused          |       |       |       |       |       |       |     2 |       |       ||     2
       Invisible         |       |       |       |       |       |       |       |       |     7 ||     7
Armor: Skin              |     7 |     8 |    34 |    31 |    60 |   182 |   214 |   102 |   600 ||  1238
Dodge: Dodged            |    24 |    34 |   227 |   299 |   840 |  1006 |   879 |   481 |  3137 ||  6927
Block: Buckler           |       |       |       |       |       |    25 |   299 |   285 |  1905 ||  2514

Levels and vault maps discovered:
D:1:      dpeg_arrival_erosion, layout_basic, serial_shops,
          nicolae_shop_crystal, kennysheep_decorative_pillar,
          amcnicky_mini_corridor_feature
D:2:      minmay_door_path, layout_basic, shapermc_ecumenical_altar_mp_vishouse
D:3:      layout_basic, nicolae_overflow_hidden_temple, serial_glass,
          glass_columns_a, glass_columns_a, glass_columns_a, glass_columns_a,
          glass_columns_a, glass_columns_a
D:4:      layout_basic, kiku_gazebo_garden_becter,
          minmay_temple_entry_metal_lava
D:5:      layout_cave_pods, fedhas_altar_3, minmay_misc_feat_tiny,
          hangedman_abyss_or_decor_slice
D:6:      layout_basic, chequers_mini_garden, minivault_27, uniq_prince_ribbit1,
          uniq_edmund
D:7:      layout_basic, serial_shops, kennysheep_mini_moat, shop,
          nicolae_shop_bloodbath_and_beyond, chequers_ossuary_entry_cave,
          nicolae_shop_clearance
D:8:      layout_loops_cross, enter_bailey_3, chequers_serial_rivers_micro_a,
          uniq_erica, uniq_gastronok
D:9:      layout_rooms, marbit_many_paths, lair_entry_dummy, serial_demonic,
          serial_demonic_a, serial_demonic_b, serial_demonic_b,
          serial_demonic_f, st_stairs_13
D:10:     cheibrodos_steamvent, layout_basic,
          kennysheep_orc_monster_closet_entryway
D:11:     layout_gridville
D:12:     statuecave_lemuel, layout_stronghold, nicolae_underground_beach
D:13:     regret_index_bee_streams, layout_stronghold,
          hangedman_vaults_entry_quadrant_bands,
          portal_ice_cave_entry_pillars_2, serial_shops, nicolae_shop_stone,
          einodemon_barbed_minivault, uniq_josephine
D:14:     layout_irregular_city, minmay_misc_feat_ornament
D:15:     grunt_enter_depths_magical_seal, layout_loops_cross,
          ebering_ghost_disaster_area, chequers_big_river, uniq_roxanne
Temple:   minmay_temple_bridge_d
Lair:1:   layout_cave_pods
Lair:2:   layout_gridlike, palyth_hydra_swamp_entry,
          minmay_snake_entry_guardpost_small, guppyfry_lair_drakes,
          lemuel_fruit_tree, lemuel_fruit_fields
Lair:3:   layout_cave_pods, gammafunk_ghost_wrathful_warriors,
          infiniplex_staircase_pool, grunt_megastairs_3, serial_bayou_shore_b
Lair:4:   layout_hall_layers, beast_lair_carwin_6
Lair:5:   minmay_lair_end_enchanted_forest, layout_hall_layers, slime_entry_1,
          serial_bayou_lake_a, lemuel_fruit_fields
Swamp:1:  layout_basic_swamp, evilmike_swamp_ruin_house_3
Swamp:2:  layout_basic_swamp, hangedman_swamp_cone
Swamp:3:  layout_basic_swamp, evilmike_swamp_ruin_house_5, swamp_pool1,
          nicolae_swamp_big_swirl, infiniplex_staircase_pool_2
Swamp:4:  grunt_swamp_rune_castle, layout_basic_swamp
Snake:1:  layout_basic, st_stairs_2, grunt_megastairs_5, minmay_shop_grove,
          serial_bayou_shore_b, uniq_azrael
Snake:2:  layout_onion, minmay_shoptagon
Snake:3:  nicolae_snake_unarmed_stairs_patrol, layout_rooms, serial_shops, shop,
          hellmonk_guarded_unrand_salamander, uniq_vashnia
Snake:4:  grunt_snake_rune_serpentine_throne, layout_onion_interference,
          minmay_shop_star
Slime:1:  layout_caves
Slime:2:  layout_caves
Slime:3:  layout_caves
Slime:4:  layout_caves
Slime:5
Orc:1:    layout_diamond_mine
Orc:2:    st_orc_elflike, layout_diamond_mine
Elf:1:    layout_geoelf_diagonals, gammafunk_ghost_tricky_traps,
          minmay_elf_annihilation, eino_tiny_chamber
Elf:2:    nicolae_elf_blades_crystal_corner, layout_geoelf_grid
Elf:3:    minmay_elf_hall_hex, layout_gridlike, special_room [special_room_orc],
          nicolae_elf_big_sculpture_2, uniq_zenata
Vaults:1: ontoclasm_vaults_eye, hangedman_vaults_nodes, ontoclasm_vaults_hangar,
          v_alt_pattern_3, ontoclasm_vaults_bender, v_rooms_1,
          hangedman_vaults_stretched_pinwheel, v_misc_3,
          grunt_vaults_hallway_short, v_rooms_2,
          vaults_room_grunt_arrival_ludios, layout_vaults_ring, uniq_nikola
Vaults:2: gammafunk_ghost_arena, nicolae_vaults_windows_and_doors_thing,
          hangedman_vaults_cutoff, vaults_room_large_hall, vaults_dpeg_diagonal,
          grunt_vaults_hallway_long, v_misc_9, hangedman_vaults_capsules,
          layout_vaults_quadrants
Vaults:3: hangedman_vaults_slice, v_misc_11, nicolae_vaults_murderbox, v_misc_1,
          hangedman_vaults_stitches, nicolae_vaults_network_s, v_misc_17,
          minmay_crypt_entry_necro_gods, vaults_dpeg_ring,
          grunt_vaults_hallway_long, nicolae_vaults_alarming,
          grunt_vaults_diagonal, layout_vaults_omnibox, serial_shops,
          bzr_firewalk
Vaults:4: nicolae_vaults_little_squares_2, dpeg_vaults_monster_row,
          vaults_room_door_hall, ontoclasm_vaults_idyll, v_pattern_3,
          hangedman_vaults_nails, v_misc_14, layout_vaults_big_room
Vaults:5: serial_shops
Crypt:1:  layout_rooms, st_stairs_5, grunt_crypt_arrival_split
Crypt:2:  layout_misc_corridors
Crypt:3:  due_elkab, layout_chaotic_city
Tomb:1
Tomb:2
Tomb:3
Depths:1: layout_honeycomb, hellmouth_1, tgw_trog, uniq_aizul
Depths:2: minmay_the_grid_triangle_9x9_recursive_3_mashed
          [minmay_the_grid_triangle_9x9_corruption,
          minmay_the_grid_triangle_9x9_skeleton,
          minmay_the_grid_triangle_9x9_stretched_checkered,
          minmay_the_grid_triangle_9x9_prize_special,
          minmay_the_grid_triangle_9x9_cache,
          minmay_the_grid_triangle_9x9_wacky_v,
          minmay_the_grid_triangle_9x9_flanged_cone,
          minmay_the_grid_triangle_9x9_impossible_snake,
          minmay_the_grid_triangle_9x9_negative_grid], layout_small_grid,
          grunt_gozag_statues, grunt_pan_entry_sceptre, hell_entry,
          nicolae_barding_shop
Depths:3: dpeg_oklob_shooting_range, layout_gridlike, serial_shops,
          nicolae_shop_behind_doors, nicolae_shop_crystal, nicolae_shop_trees,
          shop_statue, nicolae_lakefront_shop, pf_hell_entry_tar_spiral,
          serial_sigils_hangedman_snap, nicolae_abyss_entry_one_way_or_another
Depths:4: grunt_twist_and_shout, layout_basic, enter_ziggurat_c,
          lightli_too_deep, minmay_misc_feat_cross, serial_bayou_shore_a,
          serial_bayou_shore_b
Hell
Dis:1:    layout_subdivisions
Dis:2:    layout_overlapping_boxes
Dis:3:    layout_subdivisions
Dis:4:    layout_regular_city
Dis:5:    layout_regular_city, lemuel_dis_dragons
Dis:6:    layout_jigsaw
Dis:7:    dis_st
Geh:1:    layout_gehenna_pools_triple, nicolae_geh_lava_rosette
Geh:2:    nicolae_geh_split_lavaduct, layout_gehenna_pools_basic
Geh:3:    layout_gehenna_lava_caves
Geh:4:    layout_gehenna_pools_triple, nicolae_geh_fourpack
Geh:5:    layout_gehenna_pools_box
Geh:6:    layout_gehenna_lava_caves
Geh:7:    geh_mu
Coc:1:    layout_cocytus_water_paths
Coc:2:    layout_cocytus_delve
Coc:3:    layout_cocytus_delve
Coc:4:    layout_cocytus_delve, nicolae_hells_seeping_fissure
Coc:6:    layout_cocytus_delve
Coc:7:    coc_grunt_cove [coc_grunt_cove_antaeus, coc_grunt_cove_fiend,
          coc_grunt_cove_fiend, coc_grunt_cove_fiend, coc_grunt_cove_fiend]
Tar:1:    layout_cathedral_of_symmetry
Tar:2:    layout_grid_maze, nicolae_tar_spectre_spectrum
Tar:3:    layout_grid_maze
Tar:4:    layout_grid_maze, nicolae_hells_leichenhalle
Tar:5:    layout_grid_maze, nicolae_tar_cuneiform_two
Tar:6:    layout_honeycomb, nicolae_tar_combstack
Tar:7:    tar_minmay_river
Zot:1:    lemuel_draconian_sentries_small, layout_gridlike
Zot:2:    layout_misc_corridors, ebering_ghost_gozag
Zot:3:    layout_gridlike
Zot:4:    kennysheep_blocky_hall, layout_cathedral_of_symmetry,
          hangedman_elemental_corridor, uniq_josephina
Zot:5:    layout_gridlike, nicolae_transmutations_shop, grunt_ministairs_14

Notes
Turn   | Place    | Note
-------+----------+-------------------------------------------
     0 | D:5      | MackTheKnife the Octopode Delver began the quest for the
                  | Orb.
     0 | D:5      | Reached XP level 1. HP: 16/16 MP: 1/1
     0 | D:5      | magus.rc [v1.9.6]
     8 | D:5      | Noticed a hound
   118 | D:6      | Noticed Edmund
   171 | D:5      | Found a blossoming altar of Fedhas.
   172 | D:5      | Noticed an iguana
   181 | D:5      | Noticed a jelly
   181 | D:5      | Noticed a scorpion
   235 | D:4      | Noticed a necrophage
   275 | D:4      | Found an ancient bone altar of Kikubaaqudgha.
   290 | D:3      | Reached skill level 7 in Stealth
   295 | D:3      | Reached XP level 2. HP: 13/21 MP: 2/2
   543 | D:1      | Reached XP level 3. HP: 26/26 MP: 3/3
   735 | D:1      | Found Mitaisk's Jewellery Emporium.
  1166 | D:2      | Reached skill level 3 in Unarmed Combat
  1311 | D:2      | Found a faded altar of an unknown god.
  1387 | D:2      | Reached XP level 4. HP: 29/31 MP: 4/4
  1819 | D:3      | Found a hide-covered altar of Uskayaw.
  2090 | D:4      | Noticed an ogre
  2111 | D:4      | Killed an ogre
  2112 | D:4      | Reached skill level 3 in Dodging
  2112 | D:4      | Reached skill level 4 in Unarmed Combat
  2112 | D:4      | Reached XP level 5. HP: 36/36 MP: 5/5
  2144 | D:4      | Found a staircase to the Ecumenical Temple.
  2203 | D:4      | You pick up a book of Spatial Translocations and begin
                  | reading...
  2203 | D:4      | You add the spells Blink, Momentum Strike and Lesser
                  | Beckoning to your library.
  2324 | D:4      | Reached XP level 6. HP: 15/42 MP: 6/6
  2720 | D:4      | Reached skill level 4 in Dodging
  2750 | D:4      | Reached skill level 5 in Unarmed Combat
  2984 | Temple   | Entered the Ecumenical Temple
  3080 | Temple   | Became a worshipper of Gozag Ym Sagoz the Greedy
  3174 | D:4      | Reached XP level 7. HP: 39/46 MP: 7/7
  3637 | D:5      | Reached skill level 5 in Dodging
  3700 | D:5      | Reached skill level 6 in Unarmed Combat
  4692 | D:6      | Killed Edmund
  4693 | D:6      | Reached XP level 8. HP: 26/52 MP: 8/8
  4883 | D:6      | Reached skill level 6 in Dodging
  5187 | D:6      | Noticed Prince Ribbit
  5477 | D:6      | Got the Almanac of Shifting
  5601 | D:1      | Bought a +5 ring of evasion for 396 gold pieces
  5738 | D:6      | Reached skill level 4 in Fighting
  5840 | D:6      | Reached skill level 7 in Unarmed Combat
  6164 | D:7      | Found Cuupe's Armour Shoppe.
  6210 | D:7      | Found Buorhefu's Weapon Boutique.
  6433 | D:7      | Found a sand-covered staircase.
  6442 | Ossuary  | Entered an ossuary
  6572 | Ossuary  | Noticed a flying skull
  6572 | Ossuary  | Noticed a wraith
  6579 | Ossuary  | Noticed a flying skull
  6589 | Ossuary  | Reached skill level 5 in Fighting
  6620 | Ossuary  | Noticed a flying skull
  6645 | Ossuary  | Noticed a flying skull
  6714 | Ossuary  | Noticed a wraith
  6722 | Ossuary  | Killed a wraith
  6723 | Ossuary  | Reached skill level 7 in Dodging
  6723 | Ossuary  | Reached XP level 9. HP: 59/61 MP: 9/9
  6808 | D:7      | Reached skill level 8 in Unarmed Combat
  6933 | D:7      | Identified the amulet of False Pretenses {RegenMP rElec
                  | Int+2 Slay+2}
  6942 | D:7      | Found Viphifo's Distillery.
  6950 | D:7      | Bought a potion of heal wounds for 60 gold pieces
  7191 | D:7      | Found Suttiasa's CLEARANCE SALE!.
  7199 | D:7      | Bought 2 scrolls of identify for 12 gold pieces
  7321 | D:8      | Reached skill level 6 in Fighting
  7321 | D:8      | Noticed a hornet
  7324 | D:8      | Found a flagged portal.
  7331 | Bailey   | Entered a bailey
  7672 | Bailey   | Reached skill level 8 in Dodging
  8098 | Bailey   | Reached skill level 7 in Fighting
  8112 | Bailey   | Reached skill level 9 in Unarmed Combat
  8112 | Bailey   | Reached XP level 10. HP: 63/71 MP: 10/10
  8428 | D:8      | Identified the +4 mace of a Gauntlet {flame, rC+ Int+3}
  8691 | D:8      | Noticed Gastronok
  8718 | D:8      | Killed Gastronok
  8719 | D:8      | Reached skill level 8 in Fighting
  8719 | D:8      | Reached skill level 9 in Dodging
  8955 | D:8      | Noticed Erica
  8966 | D:8      | Killed Erica
  8967 | D:8      | Reached skill level 10 in Unarmed Combat
  8971 | D:8      | You pick up a book of Weapons and begin reading...
  8971 | D:8      | You add the spells Tukima's Dance, Portal Projectile and
                  | Blade Hands to your library.
  9254 | D:9      | Found a broken altar of Ashenzari.
  9320 | D:9      | Noticed a rust devil
  9330 | D:9      | Reached skill level 10 in Dodging
  9330 | D:9      | Reached XP level 11. HP: 46/78 MP: 11/11
  9446 | D:9      | Found a staircase to the Lair.
  9713 | D:9      | Reached skill level 9 in Fighting
  9777 | D:9      | Reached skill level 1 in Evocations
  9984 | D:10     | Entered Level 10 of the Dungeon
  9984 | D:10     | Noticed a two-headed ogre
  9989 | D:9      | Bought a potion of heal wounds for 60 gold pieces
 10164 | D:10     | Reached skill level 2 in Evocations
 10177 | D:10     | Reached skill level 3 in Evocations
 10193 | D:10     | Reached skill level 4 in Evocations
 10228 | D:10     | Found a staircase to the Orcish Mines.
 10241 | D:10     | Reached skill level 5 in Evocations
 10394 | D:10     | Reached skill level 6 in Evocations
 10771 | D:10     | Reached skill level 7 in Evocations
 10859 | D:10     | Reached skill level 8 in Evocations
 10999 | D:10     | Killed a two-headed ogre
 11154 | D:10     | Reached skill level 9 in Evocations
 11344 | Lair:1   | Entered Level 1 of the Lair of Beasts
 11390 | Lair:1   | Noticed a boulder beetle
 11408 | Lair:1   | Killed a boulder beetle
 11409 | Lair:1   | Reached XP level 12. HP: 85/85 MP: 12/12
 11449 | Lair:1   | Reached skill level 10 in Evocations
 11725 | Lair:1   | Noticed a boulder beetle
 11742 | Lair:1   | Killed a boulder beetle
 12168 | Lair:1   | Reached skill level 11 in Unarmed Combat
 12485 | Lair:2   | Noticed a four-headed hydra
 12489 | Lair:2   | Killed a four-headed hydra
 12653 | Lair:2   | Found a staircase to the Snake Pit.
 12821 | Lair:2   | Reached skill level 10 in Fighting
 12832 | Lair:2   | Reached skill level 11 in Dodging
 13008 | Lair:2   | HP: 21/88 [swamp worm/harpoon shot (15)]
 13635 | Lair:2   | Noticed an eight-headed hydra
 13636 | Lair:2   | Noticed a six-headed hydra
 13686 | Lair:2   | Killed an eight-headed hydra
 13687 | Lair:2   | Reached skill level 12 in Unarmed Combat
 13687 | Lair:2   | Reached XP level 13. HP: 45/93 MP: 13/13
 13762 | Lair:2   | Found a staircase to the Swamp.
 13953 | Lair:3   | Found the +3 greatsling "Punk" {acid, rCorr}
 13958 | Lair:3   | Found a transporter.
 13966 | Lair:3   | Found a bloodstained altar of Trog.
 13979 | Lair:3   | Found a transporter.
 13980 | Lair:3   | Noticed Domino's ghost (journeyman MiBe)
 14202 | Lair:3   | Reached skill level 11 in Fighting
 14402 | Lair:3   | Reached skill level 12 in Dodging
 15032 | Lair:3   | Bought a scroll of blinking for 120 gold pieces
 15489 | Lair:4   | You pick up a book of Displacement and begin reading...
 15489 | Lair:4   | You add the spells Gell's Gravitas and Teleport Other to
                  | your library.
 15575 | Lair:4   | You add the spells Passage of Golubria and Yara's Violent
                  | Unravelling to your library.
 15604 | Lair:4   | Reached skill level 13 in Unarmed Combat
 15903 | Lair:4   | Reached skill level 1 in Ranged Weapons
 16029 | Lair:4   | Reached skill level 2 in Ranged Weapons
 16356 | Lair:4   | Reached skill level 12 in Fighting
 16772 | Lair:5   | Entered Level 5 of the Lair of Beasts
 17185 | Lair:5   | magus.rc [v1.9.6]
 17245 | Lair:5   | Reached skill level 13 in Dodging
 17261 | Lair:5   | Reached XP level 14. HP: 90/104 MP: 14/14
 18230 | Lair:5   | Reached skill level 13 in Fighting
 18230 | Lair:5   | Reached skill level 14 in Unarmed Combat
 18489 | Lair:5   | Paralysed by a hornet for 1 turns
 18641 | Lair:5   | Reached skill level 14 in Dodging
 18761 | Lair:5   | Identified the +4 chain mail of the Vaults {Rampage
                  | *Corrode Will++ SInv}
 18935 | Lair:5   | HP: 16/106 [spriggan rider/+0 spear (16)]
 19271 | Lair:5   | Found a staircase to the Slime Pits.
 19788 | Orc:1    | Entered Level 1 of the Orcish Mines
 19981 | Orc:2    | Entered Level 2 of the Orcish Mines
 20149 | Orc:2    | Found a staircase to the Elven Halls.
 21076 | Orc:2    | Reached XP level 15. HP: 106/112 MP: 15/15
 21977 | Orc:2    | Found Lephomie's General Store.
 21982 | Orc:2    | Found Civix's Antique Weapon Shoppe.
 21987 | Orc:2    | Found Nuizxum's General Store.
 21989 | Orc:2    | Found Duedeh's Book Shop.
 21997 | Orc:2    | Bought a book of Sloth for 432 gold pieces
 21997 | Orc:2    | You pick up a book of Sloth and begin reading...
 21997 | Orc:2    | You add the spells Petrify, Metabolic Englaciation and
                  | Statue Form to your library.
 22004 | Orc:2    | Learned a level 6 spell: Statue Form
 22393 | Lair:5   | Bought the ring "Rylitz" {rPois Str+3 Dex+3} for 712 gold
                  | pieces
 22399 | Lair:5   | Learned a level 4 spell: Petrify
 22402 | Lair:5   | Learned a level 2 spell: Blink
 22404 | Lair:5   | Learned a level 1 spell: Apportation
 22691 | D:11     | Reached skill level 1 in Transmutations
 22691 | D:11     | Reached skill level 1 in Earth Magic
 22816 | D:11     | Reached skill level 1 in Spellcasting
 23435 | D:12     | Reached skill level 2 in Earth Magic
 23598 | D:12     | Reached skill level 2 in Transmutations
 23759 | D:12     | Reached skill level 2 in Spellcasting
 24042 | D:12     | Identified the +8 mace of Efairus {freeze, rC+ rCorr}
 24401 | D:12     | Gained mutation: Your flesh is cold resistant. (rC+) [a
                  | neqoxec]
 24421 | D:12     | You pick up a book of Minor Magic and begin reading...
 24421 | D:12     | You add the spells Magic Dart, Call Imp and Mephitic Cloud
                  | to your library.
 24531 | D:13     | Noticed Josephine
 24615 | D:13     | Found a frozen archway.
 24619 | IceCv    | Entered an ice cave
 24751 | IceCv    | Reached skill level 3 in Transmutations
 24751 | IceCv    | Reached skill level 3 in Earth Magic
 24921 | IceCv    | You pick up a book of Decay and begin reading...
 24921 | IceCv    | You add the spells Cigotuvi's Dreadful Rot, Dispel Undead
                  | and Death Channel to your library.
 25426 | IceCv    | Reached skill level 3 in Spellcasting
 25626 | IceCv    | Found the +0 staff of Battle
 25656 | IceCv    | You pick up a book of Ice and begin reading...
 25656 | IceCv    | You add the spells Freezing Cloud and Polar Vortex to your
                  | library.
 25741 | D:13     | Found Nicason's Assorted Antiques.
 26002 | D:13     | Killed Josephine
 26139 | D:13     | Reached skill level 4 in Earth Magic
 26161 | D:13     | Reached skill level 4 in Transmutations
 26484 | D:13     | Reached skill level 4 in Spellcasting
 26574 | D:13     | Reached skill level 5 in Earth Magic
 26745 | D:13     | Found a gate to the Vaults.
 26850 | D:13     | Reached skill level 5 in Transmutations
 26888 | D:13     | HP: 25/112 [+5 heavy glaive (16)]
 27321 | D:13     | Reached skill level 5 in Spellcasting
 27501 | D:13     | Noticed a storm dragon
 27719 | D:13     | Reached XP level 16. HP: 106/118 MP: 23/23
 27731 | D:13     | Reached skill level 6 in Earth Magic
 27869 | D:13     | Killed a storm dragon
 27870 | D:13     | Reached skill level 6 in Transmutations
 28491 | D:14     | Identified the +1 dire flail of Duadiu {flame, *Slow Int+7}
 28996 | D:14     | Reached skill level 6 in Spellcasting
 29193 | D:15     | Entered Level 15 of the Dungeon
 29563 | D:15     | Reached skill level 7 in Earth Magic
 29573 | D:15     | Reached skill level 7 in Transmutations
 29807 | D:15     | Noticed Roxanne
 30048 | D:15     | Found a staircase to the Depths.
 30212 | D:15     | Bought a potion of heal wounds for 70 gold pieces
 30515 | Snake:1  | Entered Level 1 of the Snake Pit
 31032 | Snake:1  | Reached skill level 8 in Earth Magic
 31036 | Snake:1  | Noticed Azrael
 31107 | Snake:1  | Reached skill level 8 in Transmutations
 31118 | Lair:2   | Killed Azrael
 31943 | Snake:1  | Found Ixyacs's Book Boutique.
 31943 | Snake:1  | Found Enau's Jewellery Shoppe.
 31944 | Snake:1  | Found Haghih Doax's Book Boutique.
 31951 | Snake:1  | Bought a ring of wizardry for 480 gold pieces
 32206 | Snake:1  | Identified the ring "Nauceoc" {Fly rPois rF- Str+6 Dex+2}
 32768 | Snake:2  | Noticed a nagaraja
 32898 | Snake:2  | Reached skill level 9 in Earth Magic
 32900 | Snake:2  | Reached skill level 9 in Transmutations
 33182 | Snake:2  | Found Civvarphi's Magic Scroll Emporium.
 33199 | Snake:2  | Reached XP level 17. HP: 124/124 MP: 25/27
 33203 | Snake:2  | Found Yshej's Antique Armour Shoppe.
 33725 | Snake:2  | Reached skill level 10 in Earth Magic
 33801 | Snake:2  | Reached skill level 10 in Transmutations
 33979 | Snake:3  | Found Jetaedou's Book Boutique.
 33981 | Snake:3  | Noticed Vashnia
 34302 | Snake:3  | Reached skill level 11 in Transmutations
 34302 | Snake:3  | Reached skill level 11 in Earth Magic
 34980 | Snake:3  | You pick up a book of Ice and begin reading...
 35129 | Snake:4  | Entered Level 4 of the Snake Pit
 35489 | Snake:4  | Found Wenwol's Antique Armour Shop.
 35630 | Snake:4  | Reached skill level 12 in Transmutations
 35630 | Snake:4  | Reached skill level 12 in Earth Magic
 35873 | Snake:4  | Reached skill level 7 in Spellcasting
 35878 | Snake:4  | Reached XP level 18. HP: 130/130 MP: 28/28
 36226 | Snake:4  | Reached skill level 13 in Transmutations
 36226 | Snake:4  | Reached skill level 13 in Earth Magic
 36372 | Snake:4  | Reached skill level 8 in Spellcasting
 36542 | Snake:4  | Got a serpentine rune of Zot
 37172 | Elf:1    | Entered Level 1 of the Elven Halls
 37617 | Elf:1    | You add the spells Shock, Flame Wave and Fireball to your
                  | library.
 37617 | Elf:1    | Got Woffurhe's Treatise on Conjury
 37718 | Elf:1    | Identified the +0 buckler of the Hall of Blades {rF+ rC+}
 37758 | Elf:1    | Found a runed translucent gate.
 37758 | Elf:1    | Found a runed translucent gate.
 37758 | Elf:1    | Found a runed translucent gate.
 37759 | Elf:1    | Noticed caveywoolpert's ghost (journeyman DgEE)
 37761 | Elf:1    | Identified the +1 robe of Enoam {Rampage *Slow Str+6
                  | Slay+5}
 37808 | Elf:1    | Reached skill level 1 in Shields
 37843 | Elf:1    | Reached skill level 2 in Shields
 38419 | Elf:2    | Reached skill level 3 in Shields
 38446 | Elf:2    | Paralysed by an air elemental for 1 turns
 38483 | Elf:2    | Reached skill level 4 in Shields
 38498 | Elf:2    | Found a runed translucent gate.
 38499 | Elf:2    | Found a runed translucent gate.
 38499 | Elf:2    | Found a runed translucent gate.
 38707 | Elf:2    | Reached skill level 5 in Shields
 38835 | Elf:2    | Paralysed by an air elemental for 1 turns
 39007 | Elf:3    | Entered Level 3 of the Elven Halls
 39011 | Elf:3    | Paralysed by an air elemental for 1 turns
 39029 | Elf:3    | Reached skill level 6 in Shields
 39540 | Elf:3    | Reached skill level 7 in Shields
 39728 | Elf:3    | Reached skill level 8 in Shields
 39737 | Elf:3    | Reached skill level 14 in Fighting
 39741 | Elf:3    | Reached XP level 19. HP: 107/136 MP: 31/31
 39744 | Elf:3    | Reached skill level 15 in Unarmed Combat
 39802 | Elf:3    | Noticed a Tzitzimitl
 39802 | Elf:3    | Noticed an Ice Fiend
 40052 | Elf:3    | Noticed a Hell Sentinel
 40054 | Elf:3    | Noticed a Brimstone Fiend
 40499 | Elf:3    | Reached skill level 15 in Fighting
 40604 | Elf:3    | Reached skill level 16 in Unarmed Combat
 40693 | Elf:3    | You pick up a book of the Sky and begin reading...
 40693 | Elf:3    | You add the spells Summon Lightning Spire, Storm Form and
                  | Maxwell's Capacitive Coupling to your library.
 40702 | Elf:3    | You pick up a book of Scorching and begin reading...
 40702 | Elf:3    | You add the spells Scorch and Summon Cactus Giant to your
                  | library.
 40717 | Elf:3    | You add the spells Sting and Silence to your library.
 40717 | Elf:3    | Got the Catalogue of Moulding and Jinxing
 40728 | Elf:3    | You pick up a book of Storms and begin reading...
 40728 | Elf:3    | You add the spells Airstrike and Lightning Bolt to your
                  | library.
 40731 | Elf:3    | You pick up a book of the Sky and begin reading...
 40796 | Elf:3    | Identified the +8 sling of Destruction {flame, rC+}
 40801 | Elf:3    | You pick up a book of Debilitation and begin reading...
 40801 | Elf:3    | You add the spells Slow, Vampiric Draining and Confusing
                  | Touch to your library.
 41126 | Swamp:1  | Entered Level 1 of the Swamp
 41303 | Swamp:1  | You pick up a book of Dangerous Friends and begin
                  | reading...
 41303 | Swamp:1  | You add the spells Summon Guardian Golem, Orb of
                  | Destruction and Spellforged Servitor to your library.
 41701 | Swamp:1  | Learned a level 5 spell: Yara's Violent Unravelling
 41701 | Swamp:1  | magus.rc [v1.9.6]
 41701 | Swamp:1  | magus.rc [v1.9.6]
 42004 | Orc:2    | Bought a book of the Warp for 504 gold pieces
 42004 | Orc:2    | You pick up a book of the Warp and begin reading...
 42004 | Orc:2    | You add the spells Manifold Assault and Disjunction to your
                  | library.
 42009 | Orc:2    | Learned a level 4 spell: Manifold Assault
 42410 | Swamp:2  | Reached skill level 1 in Translocations
 42526 | Swamp:2  | Reached skill level 9 in Spellcasting
 42548 | Swamp:2  | Reached skill level 2 in Translocations
 43014 | D:10     | Bought a book of Changes for 270 gold pieces
 43014 | D:10     | You pick up a book of Changes and begin reading...
 43014 | D:10     | You add the spells Beastly Appendage, Wereblood and Spider
                  | Form to your library.
 43017 | D:10     | Learned a level 2 spell: Wereblood
 43215 | Swamp:3  | Noticed a tentacled monstrosity
 43224 | Swamp:3  | Killed a tentacled monstrosity
 43248 | Swamp:3  | Reached skill level 3 in Translocations
 43452 | Swamp:3  | Reached skill level 4 in Translocations
 43486 | Swamp:3  | You pick up a book of Cantrips and begin reading...
 43486 | Swamp:3  | You add the spells Necrotise and Summon Small Mammal to
                  | your library.
 43550 | Swamp:3  | Identified a +1 robe of the Archmagi
 43649 | Swamp:3  | You pick up a book of Ice and begin reading...
 43771 | Swamp:4  | Entered Level 4 of the Swamp
 43786 | Swamp:4  | Reached XP level 20. HP: 145/145 MP: 19/33
 43794 | Swamp:4  | Reached skill level 10 in Spellcasting
 43829 | Swamp:4  | Reached skill level 5 in Translocations
 43973 | Swamp:4  | Reached skill level 6 in Translocations
 44230 | Swamp:4  | You pick up a book of Winter and begin reading...
 44283 | Swamp:4  | Reached skill level 11 in Spellcasting
 44283 | Swamp:4  | Reached skill level 7 in Translocations
 44319 | Swamp:4  | You add the spells Vhi's Electric Charge and Arcjolt to
                  | your library.
 44346 | Swamp:4  | Noticed the 27-headed Lernaean hydra
 44349 | Swamp:4  | Killed the 27-headed Lernaean hydra
 44355 | Swamp:4  | Got a decaying rune of Zot
 44892 | Vaults:1 | Entered Level 1 of the Vaults
 44897 | Vaults:1 | Noticed Nikola
 44901 | Vaults:1 | Killed Nikola
 45049 | Vaults:1 | Reached skill level 1 in Hexes
 45202 | Vaults:1 | Reached skill level 2 in Hexes
 45418 | Vaults:1 | Reached skill level 3 in Hexes
 45572 | Vaults:1 | Reached skill level 12 in Spellcasting
 45572 | Vaults:1 | Reached skill level 4 in Hexes
 46175 | Vaults:1 | Reached skill level 14 in Transmutations
 46325 | Vaults:1 | Reached XP level 21. HP: 151/151 MP: 23/37
 46690 | Snake:1  | Bought the Compilation of the Searing Figure for 722 gold
                  | pieces
 46690 | Snake:1  | You add the spells Passwall, Kindle Blastsparks and
                  | Irradiate to your library.
 46696 | Snake:1  | Learned a level 5 spell: Irradiate
 46980 | Vaults:2 | Reached skill level 1 in Conjurations
 47162 | Vaults:2 | Reached skill level 2 in Conjurations
 47314 | Vaults:2 | Identified the ring of Oghoschi {rN++ Will+ MP+9 Int+6
                  | Dex-4}
 47412 | Vaults:2 | Reached skill level 13 in Spellcasting
 47412 | Vaults:2 | Reached skill level 3 in Conjurations
 47483 | Vaults:2 | Reached skill level 4 in Conjurations
 47587 | Vaults:2 | Identified a scroll of acquirement
 47588 | Vaults:2 | Acquired the +5 buckler "Zonaesobb" {rF++ rC+ Regen+ Int+4}
 47813 | Vaults:2 | Reached skill level 5 in Conjurations
 47826 | Vaults:2 | You pick up a book of Spectacle and begin reading...
 47826 | Vaults:2 | You add the spells Dazzling Flash, Iskenderun's Mystic
                  | Blast and Starburst to your library.
 48248 | Vaults:2 | Noticed Putsipo's ghost (veteran GrGl)
 48249 | Vaults:2 | Found a transporter.
 48253 | Vaults:2 | Found a transporter.
 48474 | Vaults:3 | Reached skill level 6 in Conjurations
 48582 | Vaults:3 | Reached skill level 14 in Spellcasting
 48705 | Vaults:3 | Reached skill level 7 in Conjurations
 48974 | Vaults:3 | Found a staircase to the Crypt.
 48974 | Vaults:3 | Found a basalt altar of Yredelemnul.
 48975 | Vaults:3 | Found an ancient bone altar of Kikubaaqudgha.
 49231 | Vaults:3 | You pick up a book of Maledictions and begin reading...
 49231 | Vaults:3 | You add the spells Anguish and Enfeeble to your library.
 49266 | Vaults:3 | Reached XP level 22. HP: 159/159 MP: 40/40
 49420 | Vaults:3 | Reached skill level 16 in Fighting
 49469 | Vaults:3 | Found a gateway to a bazaar.
 49479 | Bazaar   | Entered a bazaar
 49492 | Bazaar   | Found Nupoy's Antique Weapon Emporium.
 49506 | Bazaar   | Found Nesunoto's Antique Weapon Shoppe.
 49521 | Bazaar   | Found Imoas's Antique Armour Shoppe.
 49533 | Bazaar   | Found Fuerush's Antique Armour Emporium.
 49842 | Vaults:4 | Reached skill level 17 in Unarmed Combat
 50687 | Vaults:4 | You add the spells Summon Forest, Eringya's Noxious Bog and
                  | Summon Hydra to your library.
 50813 | Vaults:4 | Reached skill level 17 in Fighting
 50990 | Vaults:5 | Entered Level 5 of the Vaults
 50991 | Vaults:5 | Noticed an ancient lich
 50997 | Vaults:5 | Reached skill level 18 in Unarmed Combat
 51016 | Vaults:4 | Killed an ancient lich
 51485 | Vaults:5 | You pick up a book of Decay and begin reading...
 51548 | Vaults:5 | Noticed a golden dragon
 51560 | Vaults:5 | Killed a golden dragon
 51586 | Vaults:5 | Reached XP level 23. HP: 171/171 MP: 41/41
 51588 | Vaults:5 | Reached skill level 18 in Fighting
 51589 | Vaults:5 | Noticed an ancient lich
 51602 | Vaults:5 | Killed an ancient lich
 51671 | Vaults:5 | Identified a potion of experience
 51688 | Vaults:5 | You pick up a book of Power and begin reading...
 51688 | Vaults:5 | You add the spells Iskenderun's Battlesphere and Iron Shot
                  | to your library.
 51697 | Vaults:5 | You add the spells Malign Gateway and Summon Horrible
                  | Things to your library.
 51715 | Vaults:5 | Reached skill level 19 in Unarmed Combat
 51784 | Vaults:5 | You pick up a book of Changes and begin reading...
 51884 | Vaults:5 | Got a silver rune of Zot
 52131 | Vaults:5 | Identified the +0 leather armour of the Battered Beasts
                  | {-Tele Rampage +Inv rElec Dex+3}
 52245 | Vaults:5 | Reached skill level 19 in Fighting
 52342 | Vaults:5 | You pick up a book of Flames and begin reading...
 52342 | Vaults:5 | You add the spells Inner Flame and Sticky Flame to your
                  | library.
 52995 | Depths:1 | Entered Level 1 of the Depths
 53085 | Depths:1 | You pick up a book of Weapons and begin reading...
 53475 | Depths:1 | Found a bloodstained altar of Trog.
 53550 | Depths:1 | Reached skill level 20 in Unarmed Combat
 53604 | Depths:1 | Identified the +8 flail "Cadajask" {vamp, Fly rPois}
 53631 | Depths:1 | Found a gateway to Hell.
 53701 | Depths:1 | Noticed Aizul
 53707 | Depths:1 | Killed Aizul
 54003 | Depths:1 | Learned a level 6 spell: Eringya's Noxious Bog
 54041 | Depths:2 | Reached skill level 1 in Poison Magic
 54046 | Depths:2 | Reached skill level 2 in Poison Magic
 54049 | Depths:2 | Reached skill level 3 in Poison Magic
 54057 | Depths:2 | Reached skill level 4 in Poison Magic
 54073 | Depths:2 | Reached skill level 5 in Poison Magic
 54134 | Depths:2 | Reached skill level 6 in Poison Magic
 54163 | Depths:2 | Reached skill level 7 in Poison Magic
 54164 | Depths:2 | Reached XP level 24. HP: 181/181 MP: 41/41
 54175 | Depths:2 | Identified the amulet of Qoidesk {Acrobat Harm rN+ Stlth+}
 54184 | Depths:2 | Reached skill level 8 in Poison Magic
 54203 | Depths:2 | Reached skill level 9 in Poison Magic
 54214 | Depths:2 | Identified the ring "Meygiekh" {Wiz *Corrode Str+6}
 54217 | Depths:2 | Reached XP level 25. HP: 187/187 MP: 41/41
 54423 | Depths:2 | Identified the ring of Ynak Pae {Fly Will+ Dex+4 SInv}
 54426 | Depths:2 | Identified the ring "Cecaa" {Str+6 Slay+3}
 54471 | Depths:2 | You pick up a book of Cantrips and begin reading...
 54654 | Depths:2 | Found a one-way gate leading to the halls of Pandemonium.
 54661 | Depths:2 | Reached skill level 10 in Poison Magic
 54750 | Depths:2 | Identified the ring "Kuddac" {Int+4 Dex+3 SInv Stlth+}
 54816 | Depths:2 | Found Mokuqic's Specialty Armours.
 54826 | Depths:2 | Reached skill level 11 in Poison Magic
 54828 | Depths:2 | Reached skill level 21 in Unarmed Combat
 54828 | Depths:2 | Reached XP level 26. HP: 194/194 MP: 41/41
 55060 | Depths:2 | Found an opulent altar of Gozag.
 55274 | Depths:3 | Reached skill level 15 in Dodging
 55339 | Depths:3 | Acquired 998 gold pieces
 55388 | Depths:3 | Found Yntarribor's Assorted Antiques.
 55397 | Depths:3 | Bought a potion of heal wounds for 230 gold pieces
 55409 | Depths:3 | Found Doapuprus's Magic Scroll Boutique.
 55417 | Depths:3 | Bought a scroll of teleportation for 66 gold pieces
 55442 | Depths:3 | Found a one-way gate to the infinite horrors of the Abyss.
 55442 | Depths:3 | Noticed Louise
 55453 | Depths:3 | Killed Louise
 55864 | Depths:3 | Found Naupeigu's Book Shop.
 55874 | Depths:3 | Found Nysiungo's Magic Scroll Shoppe.
 55894 | Depths:3 | Bought a scroll of blinking for 105 gold pieces
 55934 | Depths:3 | Found Ygow's Antique Armour Boutique.
 56247 | Depths:4 | Entered Level 4 of the Depths
 56349 | Depths:4 | Noticed an ancient lich
 56353 | Depths:4 | Killed an ancient lich
 56363 | Depths:4 | Reached skill level 16 in Dodging
 56363 | Depths:4 | Found a one-way gateway to a ziggurat.
 56559 | Depths:4 | j - a +2 quick blade of holy wrath {shortrare=g}
 56949 | Depths:4 | Found a gate to the Realm of Zot.
 57025 | Depths:4 | You pick up a book of Annihilations and begin reading...
 57025 | Depths:4 | You add the spells Chain Lightning, Fire Storm and Shatter
                  | to your library.
 57497 | Snake:1  | Bought Eringya's Spellbook of Intoxication and Shaping for
                  | 640 gold pieces
 57505 | Snake:1  | Learned a level 7 spell: Dragon Form
 58020 | Depths:4 | Identified the +5 arbalest "Xucouph" {speed, rPois rC+++
                  | Will+ Str-5}
 58658 | Lair:5   | Identified the +5 ring mail of Femoc {rPois rCorr Int+2
                  | Stlth-}
 58661 | Slime:1  | Entered Level 1 of the Pits of Slime
 59057 | Slime:3  | Reached skill level 15 in Transmutations
 59675 | Slime:5  | Entered Level 5 of the Pits of Slime
 59704 | Slime:5  | Reached XP level 27. HP: 201/201 MP: 40/41
 59988 | Slime:5  | Reached skill level 16 in Transmutations
 60192 | Slime:5  | Found a viscous altar of Jiyva.
 60199 | Slime:5  | Noticed the Royal Jelly
 60223 | Slime:5  | Killed the Royal Jelly
 60306 | Slime:5  | Got the Parchment of Excruciating Heat
 60313 | Slime:5  | Identified the +9 scale mail "Bebad" {Harm Regen+}
 60330 | Slime:5  | Got a slimy rune of Zot
 60350 | Slime:5  | You add the spells Borgnjor's Revivification, Necromutation
                  | and Death's Door to your library.
 60352 | Slime:5  | You pick up a book of Spectacle and begin reading...
 60365 | Slime:5  | You pick up a book of the Warp and begin reading...
 60368 | Slime:5  | Got Iseb's Secrets of the Translocated Oath
 60406 | Slime:5  | Identified the +6 scale mail of Sif Muna {Contam rN+++
                  | Will+ Int+8}
 60411 | Slime:5  | You pick up a book of Touch and begin reading...
 60821 | Depths:3 | Voluntarily entered the Abyss.
 61055 | Abyss:3  | Reached skill level 20 in Fighting
 61310 | Abyss:3  | magus.rc [v1.9.6]
 61345 | Abyss:3  | Reached skill level 22 in Unarmed Combat
 61441 | Abyss:4  | Found a corrupted altar of Lugonu.
 61465 | Abyss:4  | Got an abyssal rune of Zot
 61525 | Abyss:4  | Found a corrupted altar of Lugonu.
 61568 | Abyss:4  | Reached skill level 21 in Fighting
 61604 | Depths:3 | You pass through the gate.
 61604 | Depths:3 | Escaped the Abyss
 61674 | Zot:1    | Entered Level 1 of the Realm of Zot
 62031 | Zot:1    | You are sucked into a shaft and drop 1 floor!
 62056 | Zot:2    | Reached skill level 23 in Unarmed Combat
 62062 | Zot:2    | Found a runed translucent gate.
 62063 | Zot:2    | Found a runed translucent gate.
 62065 | Zot:2    | Found a runed translucent gate.
 62065 | Zot:2    | Found an opulent altar of Gozag.
 62794 | Zot:1    | Reached skill level 22 in Fighting
 63267 | Zot:2    | Found Odwul's Assorted Antiques.
 63267 | Zot:2    | Noticed Mitut's ghost (master AtFi)
 63268 | Zot:2    | Found Bueck's Assorted Antiques.
 63402 | Zot:2    | Killed Mitut's ghost
 63504 | Zot:2    | Bought a scroll of blinking for 300 gold pieces
 63504 | Zot:2    | Bought a scroll of blinking for 300 gold pieces
 63505 | Zot:2    | Bought a warped ruby amulet for 170 gold pieces
 63505 | Zot:2    | Identified the amulet "Fotsys" {rElec Regen+ Str+6} (You
                  | bought it in a shop on level 2 of the Realm of Zot)
 63565 | Zot:2    | Bought a +6 ring of intelligence for 540 gold pieces
 63574 | Zot:2    | Learned a level 5 spell: Summon Forest
 63652 | Zot:3    | Reached skill level 1 in Summonings
 63715 | Zot:3    | Reached skill level 2 in Summonings
 63775 | Zot:3    | Reached skill level 3 in Summonings
 63904 | Zot:3    | Reached skill level 4 in Summonings
 64415 | Zot:4    | Reached skill level 5 in Summonings
 64428 | Zot:4    | Reached skill level 6 in Summonings
 64957 | Zot:4    | Reached skill level 24 in Unarmed Combat
 65009 | Zot:4    | You pick up a book of Blasting and begin reading...
 65009 | Zot:4    | You add the spells Fulminant Prism and Lee's Rapid
                  | Deconstruction to your library.
 65795 | Zot:5    | Entered Level 5 of the Realm of Zot
 65949 | Zot:5    | Noticed a curse toe
 65956 | Zot:5    | Killed a curse toe
 65957 | Zot:5    | Reached skill level 23 in Fighting
 66051 | Zot:5    | Found Fub Kyeq's Changing Room.
 66374 | Zot:5    | Noticed an orb of fire
 66376 | Zot:5    | Noticed an orb of fire
 66380 | Zot:5    | Killed an orb of fire
 66380 | Zot:5    | Noticed a dread lich
 66386 | Zot:5    | Killed an orb of fire
 66565 | Zot:5    | Noticed an orb of fire
 66568 | Zot:5    | Gained mutation: You are weak. (Str -2) [an orb of fire]
 66569 | Zot:5    | Gained mutation: You are frail. (-10% HP) [an orb of fire]
 66579 | Zot:5    | Killed an orb of fire
 66582 | Zot:5    | Noticed an orb of fire
 66585 | Zot:5    | Killed a dread lich
 66586 | Zot:5    | Gained mutation: You occasionally lose the ability to read
                  | scrolls when taking damage. [an orb of fire]
 66588 | Zot:5    | Gained mutation: You do not regenerate when monsters are
                  | visible. [an orb of fire]
 66591 | Zot:5    | Killed an orb of fire
 66619 | Zot:5    | Lost mutation: You do not regenerate when monsters are
                  | visible. [potion of mutation]
 66619 | Zot:5    | Lost mutation: Your flesh is cold resistant. (rC+) [potion
                  | of mutation]
 66619 | Zot:5    | Gained mutation: Your mind is acute. (Int +4, Str/Dex -1)
                  | [potion of mutation]
 66619 | Zot:5    | Gained mutation: Your skin blends seamlessly with your
                  | surroundings (Stealth++). [potion of mutation]
 66620 | Zot:5    | Lost mutation: Your skin blends seamlessly with your
                  | surroundings (Stealth++). [potion of mutation]
 66620 | Zot:5    | Lost mutation: You are frail. (-10% HP) [potion of
                  | mutation]
 66620 | Zot:5    | Gained mutation: You are partially covered in iridescent
                  | scales. (AC +2) [potion of mutation]
 66620 | Zot:5    | Gained mutation: Your flesh is cold resistant. (rC+)
                  | [potion of mutation]
 66620 | Zot:5    | Gained mutation: You possess an exceptional clarity of
                  | mind. [potion of mutation]
 66620 | Zot:5    | Lost mutation: You are weak. (Str -2) [potion of mutation]
 66621 | Zot:5    | Lost mutation: Your flesh is cold resistant. (rC+) [potion
                  | of mutation]
 66621 | Zot:5    | Lost mutation: You occasionally lose the ability to read
                  | scrolls when taking damage. [potion of mutation]
 66621 | Zot:5    | Lost mutation: You possess an exceptional clarity of mind.
                  | [potion of mutation]
 66621 | Zot:5    | Gained mutation: You are mostly covered in iridescent
                  | scales. (AC +4) [potion of mutation]
 66688 | Zot:5    | Noticed an electric golem
 66691 | Zot:5    | Reached skill level 25 in Unarmed Combat
 66692 | Zot:5    | Noticed an orb of fire
 66696 | Zot:5    | Noticed an orb of fire
 66696 | Zot:5    | Noticed an ancient lich
 66702 | Zot:5    | Killed an orb of fire
 66706 | Zot:5    | Noticed an electric golem
 66709 | Zot:5    | Reached skill level 24 in Fighting
 66711 | Zot:5    | Killed an ancient lich
 66713 | Zot:5    | Killed an orb of fire
 66715 | Zot:5    | Killed an electric golem
 66718 | Zot:5    | Killed an electric golem
 66834 | Zot:5    | Noticed an electric golem
 66843 | Zot:5    | Killed an electric golem
 67447 | Crypt:1  | Entered Level 1 of the Crypt
 67913 | Crypt:1  | Noticed a dread lich
 67916 | Crypt:1  | Killed a dread lich
 67916 | Crypt:1  | Noticed a curse skull
 67924 | Crypt:1  | Killed a curse skull
 67930 | Crypt:1  | Reached skill level 26 in Unarmed Combat
 68120 | Crypt:1  | You pick up a book of Cantrips and begin reading...
 68478 | Crypt:2  | Reached skill level 25 in Fighting
 68877 | Crypt:2  | Noticed a curse skull
 68881 | Crypt:2  | Killed a curse skull
 69048 | Crypt:3  | Entered Level 3 of the Crypt
 69402 | Crypt:3  | 44 gold pieces; a +2 executioner's axe of draining
                  | {axerare=g}
 69476 | Crypt:3  | Could not pick up a +2 executioner's axe of draining
                  | {axerare=g} here; ([A]lways) ignore it?
 69705 | Crypt:3  | Noticed a curse skull
 69708 | Crypt:3  | Killed a curse skull
 69868 | Crypt:3  | Found a staircase to the Tomb.
 69888 | Crypt:3  | You pick up a book of Dreams and begin reading...
 70490 | Crypt:3  | Noticed a royal mummy
 70493 | Crypt:3  | Found the +5 scythe "Finisher" {speed, eviscerate}
 70496 | Crypt:3  | Killed a royal mummy
 70506 | Crypt:3  | You pick up a book of Touch and begin reading...
 70522 | Crypt:3  | You pick up a book of Blasting and begin reading...
 70526 | Crypt:3  | Identified the +0 glaive "Mirir" {heavy, rC+ Int+2}
 70528 | Crypt:3  | Identified the +11 mace of Defiance {flame, rElec}
 70914 | Pan      | Entered Pandemonium
 70971 | Pan      | Gained mutation: Potions are less effective at restoring
                  | your health. [a cacodemon]
 70978 | Pan      | Reached skill level 27 in Unarmed Combat
 71053 | Pan      | Noticed Ewed the pandemonium lord
 71057 | Pan      | Reached skill level 26 in Fighting
 71066 | Pan      | Killed Ewed the pandemonium lord
 71270 | Pan      | Noticed Derozein the pandemonium lord
 71281 | Pan      | Gained mutation: Your body sometimes deteriorates upon
                  | taking damage. [a cacodemon]
 71288 | Pan      | Gained mutation: You passively map a small area around you.
                  | [a cacodemon]
 71289 | Pan      | Killed Derozein the pandemonium lord
 71457 | Pan      | Reached skill level 27 in Fighting
 71586 | Pan      | Reached skill level 17 in Dodging
 71751 | Pan      | Noticed Ratz the pandemonium lord
 71759 | Pan      | Killed Ratz the pandemonium lord
 71761 | Pan      | Identified the +7 spear of Fidduy {freeze, Str+3}
 71765 | Pan      | Reached skill level 18 in Dodging
 71814 | Pan      | Got a demonic rune of Zot
 72314 | Pan      | Identified the +1 scimitar of Ashenzari {venom, rElec rC+
                  | rN++}
 72528 | Pan      | Entered the realm of Mnoleg.
 72587 | Pan      | Noticed Mnoleg
 72594 | Pan      | Killed Mnoleg
 72595 | Pan      | Reached skill level 19 in Dodging
 72798 | Pan      | Reached skill level 20 in Dodging
 72803 | Pan      | Got a glowing rune of Zot
 72912 | Pan      | Noticed Mennas
 72914 | Pan      | Gained mutation: You are weak. (Str -2) [a cacodemon]
 72919 | Pan      | Killed Mennas
 72935 | Pan      | magus.rc [v1.9.6]
 72938 | Pan      | Entered the realm of Lom Lobon.
 73026 | Pan      | Noticed Lom Lobon
 73039 | Pan      | HP: 66/291 [spore (16)]
 73040 | Pan      | Killed Lom Lobon
 73041 | Pan      | Reached skill level 21 in Dodging
 73125 | Pan      | Got a magical rune of Zot
 73539 | Pan      | Found an opulent altar of Gozag.
 73542 | Pan      | Found Bushrywe's Assorted Sundries.
 73610 | Pan      | Found Bushrywe's Exquisite Manuscripts.
 73626 | Pan      | Found an opulent altar of Gozag.
 73630 | Pan      | Noticed Bushrywe the pandemonium lord
 73644 | Pan      | Killed Bushrywe the pandemonium lord
 73648 | Pan      | Reached skill level 22 in Dodging
 73663 | Pan      | Found Bushrywe's Quality Elixirs.
 73673 | Pan      | Found Bushrywe's Rarities Depository.
 73697 | Pan      | Found an opulent altar of Gozag.
 73704 | Pan      | Bought a potion of heal wounds for 80 gold pieces
 73704 | Pan      | Bought a potion of heal wounds for 80 gold pieces
 73704 | Pan      | Bought a potion of haste for 160 gold pieces
 73704 | Pan      | Bought a potion of haste for 160 gold pieces
 73704 | Pan      | Bought a potion of resistance for 160 gold pieces
 73704 | Pan      | Bought a potion of experience for 800 gold pieces
 73758 | Pan      | Bought a scroll of blinking for 142 gold pieces
 73758 | Pan      | Bought a scroll of acquirement for 988 gold pieces
 73758 | Pan      | Acquired 749 gold pieces
 73809 | Pan      | Bought 2 potions of heal wounds for 160 gold pieces
 73893 | Pan      | Reached skill level 23 in Dodging
 74030 | Pan      | Acquired 1112 gold pieces
 74423 | Pan      | Noticed Hujoptecs the pandemonium lord
 74440 | Pan      | Killed Hujoptecs the pandemonium lord
 74463 | Pan      | Reached skill level 24 in Dodging
 74587 | Pan      | Entered the realm of Cerebov.
 74843 | Pan      | Found an exit through the horrors of the Abyss.
 75026 | Pan      | Identified the ring "Nuhop" {rF+ rC- Will+ Dex+6}
 75045 | Pan      | Found the +6 sword of Cerebov {flame}
 75045 | Pan      | Noticed Cerebov
 75045 | Pan      | The balrug is wielding a +2 demon whip of freezing. Cerebov
                  | is wielding the +6 sword of Cerebov {flame}.
 75046 | Pan      | Here: Cerebov, wielding the +6 sword of Cerebov {flame}
 75046 | Pan      | Here: Cerebov, wielding the +6 sword of Cerebov {flame}
 75097 | Pan      | Reached skill level 25 in Dodging
 75143 | Pan      | Aim: Cerebov, wielding the +6 sword of Cerebov {flame}
                  | (fast)
 75143 | Pan      | Aim: Cerebov, wielding the +6 sword of Cerebov {flame}
                  | (fast)
 75143 | Pan      | Aim: Cerebov, wielding the +6 sword of Cerebov {flame}
                  | (fast)
 75143 | Pan      | Aim: Cerebov, wielding the +6 sword of Cerebov {flame}
                  | (fast)
 75144 | Pan      | Aim: Cerebov, wielding the +6 sword of Cerebov {flame}
                  | (lightly wounded, fast, misshapen and mutated)
 75144 | Pan      | Aim: Cerebov, wielding the +6 sword of Cerebov {flame}
                  | (lightly wounded, fast, misshapen and mutated)
 75147 | Pan      | Aim: Cerebov, wielding the +6 sword of Cerebov {flame}
                  | (lightly wounded, fast, misshapen and mutated)
 75147 | Pan      | Aim: Cerebov, wielding the +6 sword of Cerebov {flame}
                  | (lightly wounded, fast, misshapen and mutated)
 75148 | Pan      | Aim: Cerebov, wielding the +6 sword of Cerebov {flame}
                  | (lightly wounded, fast, misshapen and mutated)
 75148 | Pan      | Aim: Cerebov, wielding the +6 sword of Cerebov {flame}
                  | (lightly wounded, fast, misshapen and mutated)
 75153 | Pan      | Aim: Cerebov, wielding the +6 sword of Cerebov {flame}
                  | (lightly wounded, fast, misshapen and mutated)
 75153 | Pan      | Aim: Cerebov, wielding the +6 sword of Cerebov {flame}
                  | (lightly wounded, fast, misshapen and mutated)
 75163 | Pan      | Killed Cerebov
 75286 | Pan      | Identified the +5 war axe "Sulobek" {freeze, *Slow Str+2
                  | Int+8}
 75348 | Pan      | Got a fiery rune of Zot
 75507 | Pan      | You pick up a book of Blood and begin reading...
 75756 | Pan      | Identified the -1 hat "Piafiruag" {rF+}
 75901 | Pan      | Got Saiheafa's Cyclopedia of Captivating Heat
 76007 | Pan      | Identified the +0 robe "Enoadap" {rN+ Str-2 Int+4 Slay+3}
 76234 | Pan      | Found a glowing silver altar of Zin.
 76250 | Pan      | Reached skill level 26 in Dodging
 76349 | Pan      | Identified the +6 tower shield of Subjectivity {Int+4 SInv}
 76465 | Pan      | Noticed a pearl dragon
 76474 | Pan      | Killed a pearl dragon
 76948 | Pan      | Found a white marble altar of Elyvilon.
 77344 | Pan      | Identified the amulet of Undoing {Reflect Dex+4 SH+5}
 77349 | Pan      | Reached skill level 27 in Dodging
 77362 | Pan      | Identified the +6 hand axe "Fecag" {venom, rElec rPois}
 77454 | Pan      | Reached skill level 9 in Shields
 77465 | Pan      | Identified the amulet "Yczoshruz" {Faith rElec Str-5 Int+3
                  | Dex+2}
 77465 | Pan      | Noticed a seraph
 77474 | Pan      | Killed a seraph
 77493 | Pan      | Found a glowing golden altar of the Shining One.
 77503 | Pan      | Identified the ring "Seitai" {rPois rF+ Str+2}
 77511 | Pan      | Identified the amulet "Miroxt" {Acrobat +Blink rC- rCorr
                  | Str+4}
 77560 | Pan      | Reached skill level 10 in Shields
 77735 | Pan      | Reached skill level 11 in Shields
 77840 | Pan      | Entered the realm of Gloorx Vloq.
 77937 | Pan      | Reached skill level 8 in Stealth
 77970 | Pan      | Reached skill level 9 in Stealth
 78007 | Pan      | Noticed a curse skull
 78038 | Pan      | Noticed Gloorx Vloq
 78043 | Pan      | Reached skill level 10 in Stealth
 78052 | Pan      | Killed Gloorx Vloq
 78053 | Pan      | Reached skill level 11 in Stealth
 78057 | Pan      | Got a dark rune of Zot
 78137 | Pan      | Reached skill level 12 in Stealth
 78211 | Pan      | You pick up a book of Annihilations and begin reading...
 78256 | Pan      | Reached skill level 13 in Stealth
 78270 | Pan      | Identified the ring of Sossie {rPois rN+++ MP+9 Int+6
                  | Stlth-}
 78279 | Pan      | You drop a +2 quick blade of holy wrath {shortrare=g}.
 78347 | Pan      | Reached skill level 14 in Stealth
 78512 | Pan      | Identified a +2 robe of the Archmagi
 78577 | Pan      | Noticed Ceumnyun the pandemonium lord
 78583 | Pan      | Killed Ceumnyun the pandemonium lord
 78584 | Pan      | Reached skill level 15 in Stealth
 78663 | Pan      | Noticed Kacziodu the pandemonium lord
 78668 | Pan      | Reached skill level 16 in Stealth
 78670 | Pan      | Killed Kacziodu the pandemonium lord
 78749 | Pan      | Reached skill level 17 in Stealth
 78801 | Pan      | You pick up a book of Blasting and begin reading...
 78943 | Pan      | Gained mutation: You are frail. (-10% HP) [a cacodemon]
 79023 | Pan      | Got the Catalogue of Impurities and Generation {@e2}
 79081 | Pan      | Reached skill level 18 in Stealth
 79540 | Pan      | Reached skill level 19 in Stealth
 79700 | Depths:2 | You pass through the gate.
 79700 | Depths:2 | Escaped Pandemonium
 79751 | Depths:2 | Lost mutation: You are mostly covered in iridescent scales.
                  | (AC +4) [potion of mutation]
 79751 | Depths:2 | Lost mutation: You are partially covered in iridescent
                  | scales. (AC +2) [potion of mutation]
 79751 | Depths:2 | Gained mutation: You possess an exceptional clarity of
                  | mind. [potion of mutation]
 79751 | Depths:2 | Gained mutation: Your magical capacity is low. (-10% MP)
                  | [potion of mutation]
 79751 | Depths:2 | Gained mutation: You are partially covered in large bone
                  | plates. (SH +4) [potion of mutation]
 79752 | Depths:2 | Lost mutation: Your body sometimes deteriorates upon taking
                  | damage. [potion of mutation]
 79752 | Depths:2 | Lost mutation: Potions are less effective at restoring your
                  | health. [potion of mutation]
 79752 | Depths:2 | Lost mutation: You are frail. (-10% HP) [potion of
                  | mutation]
 79752 | Depths:2 | Gained mutation: You are robust. (+10% HP) [potion of
                  | mutation]
 79756 | Hell     | Entered the Vestibule of Hell
 79756 | Hell     | Noticed Geryon
 79767 | Hell     | Killed Geryon
 79877 | Hell     | Reached skill level 20 in Stealth
 79887 | Hell     | Found a gateway to the freezing wastes of Cocytus.
 80117 | Hell     | Found a gateway to the decaying netherworld of Tartarus.
 80239 | Hell     | Reached skill level 21 in Stealth
 80257 | Hell     | Found a gateway to the ashen valley of Gehenna.
 80309 | Hell     | Found a gateway to the Iron City of Dis.
 80469 | Hell     | Bought the ring of Ru's Righteous Anger {Wiz rCorr} for 766
                  | gold pieces
 80481 | Hell     | Learned a level 6 spell: Death Channel
 80543 | Tar:1    | Entered Level 1 of Tartarus
 80551 | Tar:1    | Reached skill level 1 in Necromancy
 80556 | Tar:1    | Reached skill level 2 in Necromancy
 80585 | Tar:1    | Reached skill level 3 in Necromancy
 80741 | Tar:1    | Reached skill level 4 in Necromancy
 80798 | Tar:2    | Reached skill level 5 in Necromancy
 80841 | Tar:2    | Reached skill level 6 in Necromancy
 81219 | Tar:2    | Reached skill level 7 in Necromancy
 81264 | Tar:3    | Reached skill level 8 in Necromancy
 81282 | Tar:3    | Reached skill level 9 in Necromancy
 81370 | Tar:4    | Reached skill level 22 in Stealth
 81483 | Tar:4    | Noticed a dread lich
 81491 | Tar:4    | Noticed an ancient lich
 81493 | Tar:4    | Killed a dread lich
 81497 | Tar:4    | Killed an ancient lich
 81499 | Tar:4    | Noticed a dread lich
 81499 | Tar:4    | Noticed an ancient lich
 81500 | Tar:4    | Noticed an ancient lich
 81500 | Tar:4    | Noticed a dread lich
 81502 | Tar:4    | Killed a dread lich
 81504 | Tar:4    | Killed an ancient lich
 81505 | Tar:4    | Reached skill level 23 in Stealth
 81507 | Tar:4    | Killed an ancient lich
 81509 | Tar:4    | Killed a dread lich
 81518 | Tar:4    | Noticed an ancient lich
 81522 | Tar:4    | Killed an ancient lich
 81562 | Tar:6    | Noticed a dread lich
 81573 | Tar:6    | Reached skill level 24 in Stealth
 81577 | Tar:6    | Killed a dread lich
 81613 | Tar:7    | Entered Level 7 of Tartarus
 81804 | Tar:7    | Reached skill level 25 in Stealth
 81994 | Tar:7    | Reached skill level 26 in Stealth
 82114 | Tar:7    | Reached skill level 27 in Stealth
 82137 | Tar:7    | Reached skill level 17 in Transmutations
 82160 | Tar:7    | Reached skill level 14 in Earth Magic
 82255 | Tar:7    | Noticed the Serpent of Hell
 82272 | Tar:7    | Killed the Serpent of Hell
 82300 | Tar:7    | Noticed Ereshkigal
 82312 | Tar:7    | Killed Ereshkigal
 82313 | Tar:7    | Reached skill level 15 in Earth Magic
 82334 | Tar:7    | Identified the +7 dire flail "Beastbane" {flame, *Noise
                  | rElec rPois SInv}
 82336 | Tar:7    | Got a bone rune of Zot
 82342 | Tar:7    | You pick up a book of Vapours and begin reading...
 82395 | Tar:7    | Reached skill level 18 in Transmutations
 82774 | Tar:7    | Identified the +2 hand axe "Ixzuin" {heavy, Will+ Int+4}
 83112 | Tar:7    | You pick up a book of the Sky and begin reading...
 83114 | Tar:7    | Got the Volume of Congregated Spellbinding
 83115 | Tar:7    | Identified the +4 hand axe of Disembowelment {heavy, rC+
                  | rCorr MP+9 Str-3}
 83117 | Tar:7    | Got Eten's Collected Works on Spellbinding Hypothermia
 83486 | Geh:1    | Entered Level 1 of Gehenna
 83615 | Geh:2    | Reached skill level 16 in Earth Magic
 83705 | Geh:4    | Noticed an ancient lich
 83714 | Geh:4    | Killed an ancient lich
 83716 | Geh:4    | Reached skill level 19 in Transmutations
 83779 | Geh:5    | Noticed a dread lich
 83799 | Geh:5    | Killed a dread lich
 83965 | Geh:6    | Reached skill level 17 in Earth Magic
 84052 | Geh:7    | Entered Level 7 of Gehenna
 84310 | Geh:7    | Found the +7 sceptre of Asmodeus
 84310 | Geh:7    | Asmodeus, Prince of Gehenna comes into view. He is wielding
                  | the +7 sceptre of Asmodeus and wearing a +2 robe of
                  | willpower.
 84310 | Geh:7    | Noticed Asmodeus
 84323 | Geh:7    | Killed Asmodeus
 84324 | Geh:7    | Reached skill level 20 in Transmutations
 84346 | Geh:7    | Found the ring of Shadows {Umbra +Inv Stlth+}
 84364 | Geh:7    | Got Sif Muna's Anthology of Companions and Lightning
 84391 | Geh:7    | Got an obsidian rune of Zot
 84623 | Hell     | Upgraded the game from 0.30-a0-570-g486de37d69 to
                  | 0.30-a0-576-g89cddaab80
 84623 | Hell     | magus.rc [v1.9.6]
 84660 | Dis:1    | Entered Level 1 of the Iron City of Dis
 84675 | Dis:1    | Noticed a caustic shrike
 84675 | Dis:1    | Noticed a caustic shrike
 84675 | Dis:1    | Noticed a caustic shrike
 84675 | Dis:1    | Noticed a caustic shrike
 84675 | Dis:1    | Noticed a caustic shrike
 84678 | Dis:1    | Killed a caustic shrike
 84680 | Dis:1    | Killed a caustic shrike
 84681 | Dis:1    | Killed a caustic shrike
 84683 | Dis:1    | Killed a caustic shrike
 84684 | Dis:1    | Reached skill level 18 in Earth Magic
 84684 | Dis:1    | Killed a caustic shrike
 84773 | Dis:4    | Noticed a caustic shrike
 84773 | Dis:4    | Noticed a caustic shrike
 84774 | Dis:4    | Noticed a caustic shrike
 84776 | Dis:4    | Noticed a caustic shrike
 84776 | Dis:4    | Noticed a caustic shrike
 84778 | Dis:4    | Killed a caustic shrike
 84778 | Dis:4    | Killed a caustic shrike
 84779 | Dis:4    | Killed a caustic shrike
 84781 | Dis:4    | Killed a caustic shrike
 84783 | Dis:4    | Killed a caustic shrike
 84954 | Dis:6    | Noticed a caustic shrike
 84954 | Dis:6    | Noticed a caustic shrike
 84954 | Dis:6    | Noticed a caustic shrike
 84954 | Dis:6    | Noticed a caustic shrike
 84956 | Dis:6    | Killed a caustic shrike
 84956 | Dis:6    | Killed a caustic shrike
 84958 | Dis:6    | Killed a caustic shrike
 84961 | Dis:6    | Killed a caustic shrike
 85185 | Dis:7    | Entered Level 7 of the Iron City of Dis
 85213 | Dis:7    | Noticed a dread lich
 85323 | Dis:7    | Reached skill level 19 in Earth Magic
 85478 | Dis:7    | Noticed a caustic shrike
 85483 | Dis:7    | Killed a caustic shrike
 85484 | Dis:7    | Noticed a caustic shrike
 85484 | Dis:7    | Noticed a caustic shrike
 85486 | Dis:7    | Killed a caustic shrike
 85486 | Dis:7    | Killed a caustic shrike
 85487 | Dis:7    | Reached skill level 15 in Spellcasting
 85592 | Dis:7    | Noticed a juggernaut
 85595 | Dis:7    | Killed a juggernaut
 85601 | Dis:7    | Found the +4 staff of Dispater
 85601 | Dis:7    | Noticed Dispater
 85601 | Dis:7    | Dispater, Lord of the Iron City comes into view. They are
                  | wielding the +4 staff of Dispater.
 85607 | Dis:7    | Here: Dispater, wielding the +4 staff of Dispater (blue
                  | smoke, ally target, umbra)
 85607 | Dis:7    | Here: Dispater, wielding the +4 staff of Dispater (blue
                  | smoke, ally target, umbra)
 85612 | Dis:7    | Killed Dispater
 85660 | Dis:7    | Got an iron rune of Zot
 86322 | Zot:3    | Bought a ring of protection from cold for 475 gold pieces
 86480 | Coc:1    | Entered Level 1 of Cocytus
 86662 | Coc:4    | You are sucked into a shaft and drop 2 floors!
 86662 | Coc:6    | Noticed an ancient lich
 86670 | Coc:6    | Reached skill level 20 in Earth Magic
 86676 | Coc:7    | Entered Level 7 of Cocytus
 86682 | Coc:7    | Reached skill level 16 in Spellcasting
 86769 | Coc:7    | Paralysed by a wendigo for 1 turns
 86819 | Coc:7    | Noticed Antaeus
 86828 | Coc:7    | Killed Antaeus
 86832 | Coc:7    | Found the +1 robe of Vines {NoPotionHeal Regen++++}
 86839 | Coc:7    | Got an icy rune of Zot
 86841 | Coc:7    | Identified the +1 dagger "Xonad" {heavy, Dex+2}
 86847 | Coc:7    | You pick up a book of Power and begin reading...
 86866 | Coc:7    | Identified the +10 rapier "Heenoweq" {protect, rPois rN+
                  | Int+2 Dex+2}
 86958 | Coc:7    | Identified the +1 pearl dragon scales of the Snake Pit {rF+
                  | rN+}
 87395 | Hell     | Learned a level 9 spell: Shatter
 87856 | Tomb:1   | Entered Level 1 of the Tomb of the Ancients
 87938 | Tomb:1   | You pick up a book of Alchemy and begin reading...
 87984 | Tomb:1   | Reached skill level 17 in Spellcasting
 88051 | Tomb:1   | Noticed a royal mummy
 88055 | Tomb:1   | Reached skill level 21 in Earth Magic
 88102 | Tomb:1   | Noticed a royal mummy
 88760 | Tomb:2   | Noticed a royal mummy
 88761 | Tomb:2   | Noticed a royal mummy
 88761 | Tomb:2   | Noticed a royal mummy
 88762 | Tomb:2   | Noticed a royal mummy
 88775 | Tomb:2   | Killed a royal mummy
 88777 | Tomb:2   | Killed a royal mummy
 88867 | Tomb:1   | Killed a royal mummy
 88884 | Tomb:1   | Noticed a royal mummy
 88884 | Tomb:1   | Noticed a royal mummy
 88884 | Tomb:1   | Noticed a royal mummy
 88884 | Tomb:1   | Noticed a royal mummy
 88884 | Tomb:1   | Noticed a royal mummy
 88884 | Tomb:1   | Noticed a royal mummy
 88886 | Tomb:1   | Noticed a royal mummy
 88889 | Tomb:1   | Killed a royal mummy
 88889 | Tomb:1   | Noticed a royal mummy
 88908 | Tomb:1   | Killed a royal mummy
 88913 | Tomb:1   | Killed a royal mummy
 89010 | Tomb:1   | Noticed a royal mummy
 89029 | Tomb:1   | Killed a royal mummy
 89091 | Tomb:1   | Noticed a royal mummy
 89127 | Tomb:1   | Killed a royal mummy
 89221 | Tomb:1   | Killed a royal mummy
 89303 | Tomb:2   | Reached skill level 18 in Spellcasting
 89370 | Tomb:3   | Entered Level 3 of the Tomb of the Ancients
 89390 | Tomb:3   | magus.rc [v1.9.6]
 89396 | Tomb:3   | Reached skill level 22 in Earth Magic
 89400 | Tomb:3   | Noticed a royal mummy
 89406 | Tomb:3   | Noticed a royal mummy
 89407 | Tomb:3   | Noticed Khufu
 89416 | Tomb:3   | Noticed a royal mummy
 89423 | Tomb:3   | Noticed a royal mummy
 89424 | Tomb:3   | Killed a royal mummy
 89426 | Tomb:3   | Noticed a royal mummy
 89427 | Tomb:3   | Killed a royal mummy
 89431 | Tomb:3   | Noticed a royal mummy
 89433 | Tomb:3   | Noticed a royal mummy
 89433 | Tomb:3   | Killed a royal mummy
 89437 | Tomb:3   | Killed Khufu
 89535 | Tomb:3   | You pick up a book of the Dragon and begin reading...
 89594 | Tomb:3   | Noticed a royal mummy
 89598 | Tomb:3   | Killed a royal mummy
 89655 | Tomb:3   | Identified the +11 spear of Impeachment {heavy, rPois rC+
                  | Int+2}
 89667 | Tomb:3   | Identified the +0 whip of Exquisite Death {flame, rPois}
 89881 | Tomb:3   | Got a golden rune of Zot
 90578 | Zot:5    | Got the Orb of Zot
 91158 | D:1      | Noticed Nent the pandemonium lord
 91172 | D:$      | Escaped with the Orb!

Vanquished Creatures
  Cerebov (Pan)
  Antaeus (Coc:7)
  Asmodeus (Geh:7)
  the Royal Jelly (Slime:5)
  Ereshkigal (Tar:7)
  Gloorx Vloq (Pan)
  7 pandemonium lords (Pan)
  A seraph (Pan)
  Lom Lobon (Pan)
  Mnoleg (Pan)
  the Serpent of Hell (Tar:7)
  7 dread liches
  Dispater (Dis:7)
  9 ancient liches
  The ghost of Mitut the Conqueror, a master AtFi of Xom (Zot:2)
  Mennas (Pan)
  6 orbs of fire (Zot:5)
  9 royal mummies
  14 shard shrikes
  9 Killer Klowns
  A curse toe (Zot:5)
  the Lernaean hydra (Swamp:4)
  13 caustic shrikes
  Geryon (Hell)
  14 golden dragons
  Nikola (Vaults:1)
  16 bone dragons
  A pearl dragon (Pan)
  24 Tzitzimimeh
  5 iron giants
  23 profane servitors
  10 Brimstone Fiends
  5 doom hounds
  13 hellephants
  10 Hell Sentinels
  19 tentacled monstrosities
  6 Ice Fiends
  28 Orb Guardians
  3 electric golems (Zot:5)
  7 liches
  23 tainted leviathans
  2 deep elf master archers (Elf:3)
  6 searing wretches
  A deep elf blademaster (Elf:3)
  3 titans
  3 quicksilver dragons
  8 sphinxes
  Gastronok (D:8)
  14 acid blobs
  17 Executioners (Pan)
  7 tentacled starspawn
  13 death cobs
  8 shadow dragons
  15 ancient champions
  23 storm dragons
  16 daevas (Pan)
  5 tengu reavers
  13 fire giants
  4 azure jellies
  2 fenstrider witches (Swamp:4)
  8 rockslimes
  6 demonspawn warmongers (Pan)
  4 revenants
  3 draconian knights (Zot:1)
  19 vault wardens
  9 frost giants
  6 nagarajas
  6 draconian monks
  Louise (Depths:3)
  A caustic shrike zombie (Crypt:1)
  4 narguns (Coc:7)
  23 cacodemons (Pan)
  13 deep elf sorcerers
  6 draconian scorchers
  A ghost moth (Zot:4)
  3 quicksilver elementals
  An iron dragon (Vaults:5)
  Aizul (Depths:1)
  A spectral juggernaut (Tar:5)
  3 curse skulls
  39 balrugs
  7 draconian shifters
  7 deep elf elementalists (Elf:3)
  2 shard shrike simulacra
  2 spectral caustic shrikes (Tar:7)
  A caustic shrike skeleton (Tomb:1)
  An orc warlord (Vaults:2)
  20 ghouls
  5 draconian stormcallers (Zot:1)
  25 angels (Pan)
  13 quicksilver oozes
  11 demonspawn corrupters
  12 demonspawn blood saints (Pan)
  32 very ugly things
  19 ironbound preservers
  8 draconian annihilators
  12 ophanim (Pan)
  3 spriggan defenders (Depths:4)
  9 stone giants
  16 reapers
  6 vampire knights
  12 ironbound thunderhulks
  7 elemental wellsprings
  16 black draconians
  19 apis (Pan)
  13 war gargoyles
  8 deep elf demonologists
  10 green draconians
  4 eleionomae
  6 bennus
  4 spectral titans
  8 wendigos
  25 lorocyprocas
  23 putrid mouths
  Azrael (Lair:2)
  13 white draconians
  11 yellow draconians
  15 dire elephants
  3 bunyips
  14 demonspawn black suns (Pan)
  22 red draconians
  14 deep elf annihilators
  12 iron golems
  6 purple draconians
  16 mummy priests
  Josephine (D:13)
  An acid blob zombie (Crypt:3)
  6 eidola
  8 ettins
  A merfolk impaler (Abyss:4)
  2 spark wasps (Depths:3)
  3 spectral krakens (Tar:7)
  18 jiangshi
  26 blizzard demons
  7 fire dragons
  24 yaktaur captains
  7 deep elf death magi
  A quicksilver dragon zombie (Abyss:4)
  A merfolk javelineer (Depths:4)
  A spriggan zombie (Crypt:1)
  11 green deaths
  5 spectral spriggans
  12 ice dragons
  4 deep elf high priests
  3 entropy weavers
  A hydra (shapeshifter) (Elf:3)
  12 rakshasas
  17 hydras
  38 vault guards
  9 great orbs of eyes
  7 juggernaut simulacra
  2 peacekeepers
  3 caustic shrike simulacra
  7 salamander tyrants
  A ghost crab (Swamp:3)
  An ogre mage (D:13)
  5 hell beasts
  19 anacondas
  A catoblepas (Lair:5)
  2 spriggan air magi (Depths:4)
  Erica (D:8)
  6 stokers
  11 centaur warriors
  11 ironbound frosthearts
  2 spriggan skeletons
  11 boulder beetles
  5 deep troll shamans
  4 death knights
  15 naga warriors
  4 two-headed ogres
  8 alligators
  4 deep troll earth magi
  6 thrashing horrors (Abyss:3)
  12 death yaks
  11 vampire magi
  40 hell hogs
  3 spectral dire elephants
  6 tengu warriors
  41 death scarabs
  5 spectral nagas
  3 titan zombies
  11 dancing weapons
  7 spriggan berserkers
  5 orc high priests
  10 shock serpents
  7 deep elf knights
  34 hell knights
  15 naga sharpshooters
  42 large abominations
  6 crystal echidnas
  103 sun demons
  5 wretched stars
  25 soul eaters
  9 skeletal warriors
  A storm dragon skeleton (Crypt:2)
  6 iron trolls
  5 shadow wraiths
  28 sixfirhies
  4 goliath frogs
  5 flayed ghosts
  A spectral anaconda (Tar:1)
  2 naga ritualists
  A quicksilver dragon simulacrum (Coc:1)
  11 cherubim (Pan)
  10 salamander mystics
  8 starcursed masses (Abyss:3)
  15 swamp dragons
  7 spriggan druids
  43 deep trolls
  5 glowing orange brains
  6 deep elf archers
  10 shadow demons
  8 wizards
  28 bog bodies
  A shadow dragon zombie (Crypt:1)
  An orb spider (shapeshifter) (Vaults:5)
  3 obsidian statues
  24 ironbound convokers
  10 lindwurms
  2 spectral hydras
  10 necromancers
  17 deep elf zephyrmancers
  4 harpies (Vaults:2)
  14 phantasmal warriors
  A fenstrider witch simulacrum (Coc:2)
  7 orc knights
  8 mana vipers
  26 deep elf pyromancers
  2 oklob plants (Depths:3)
  2 bunyip skeletons
  8 cyclopes
  A shadow dragon skeleton (Pan)
  8 orc sorcerers
  2 will-o-the-wisps
  27 salamanders
  25 ugly things
  A centaur zombie (D:15)
  22 moths of wrath
  A toenail golem (Zot:3)
  8 ice statues
  A worldbinder (Abyss:3)
  5 manticores
  A shining eye (shapeshifter) (Vaults:5)
  2 shining eyes (Slime:2)
  2 apocalypse crabs
  A spectral ettin (Tar:2)
  20 naga magi
  14 elephants
  A guardian serpent (shapeshifter) (D:13)
  33 black mambas
  10 guardian serpents
  2 titan simulacra (Abyss:3)
  18 vault sentinels
  4 molten gargoyles (Hell)
  2 gargoyles (D:13)
  16 cane toads
  59 smoke demons
  A torpor snail (Lair:3)
  4 rust devils
  29 orange demons
  4 eyes of devastation
  2 centaur skeletons (D:15)
  An elf skeleton (Vaults:1)
  A naga skeleton (Pan)
  A black draconian zombie (Crypt:2)
  2 kobold demonologists
  A dire elephant skeleton (Pan)
  A human zombie (Vaults:1)
  9 hellions
  7 spectral swamp worms (Tar:7)
  An iron troll zombie (Crypt:2)
  60 yaktaurs
  2 rime drakes
  An unseen horror (shapeshifter) (Vaults:5)
  8 freezing wraiths
  10 demonic crawlers
  10 efreet
  A bunyip simulacrum (Coc:2)
  15 ice devils
  4 unseen horrors
  An alligator snapping turtle skeleton (Crypt:3)
  A golden dragon simulacrum (Coc:2)
  4 tengu conjurers
  A sea snake zombie (Hell)
  5 ancient zymes (Abyss:3)
  10 komodo dragons
  20 tormentors
  21 hellwings
  2 iron giant simulacra
  A harpy zombie (Crypt:3)
  A white draconian skeleton (Crypt:2)
  42 guardian mummies
  2 anaconda simulacra (IceCv)
  A spectral harpy (Tar:1)
  A meliai (shapeshifter) (Elf:2)
  14 red devils (Pan)
  3 silent spectres
  4 tyrant leeches
  A queen bee (D:13)
  5 trolls
  6 polar bears
  3 hydra skeletons
  3 meliai (D:13)
  21 raiju
  A sea snake skeleton (Hell)
  2 hydra zombies
  24 blink frogs
  2 tarantellas (Vaults:3)
  19 hornets
  87 slime creatures
  A tarantella (shapeshifter) (Vaults:5)
  A tengu simulacrum (Coc:1)
  A spectral swamp dragon (Tar:1)
  3 harpy skeletons
  An alligator zombie (Hell)
  2 human simulacra (Vaults:1)
  A stone giant simulacrum (Vaults:1)
  A death drake skeleton (Crypt:2)
  25 flying skulls
  19 dream sheep
  An alligator skeleton (Hell)
  5 centaur simulacra
  30 spriggans
  21 water elementals
  2 dire elephant simulacra
  An ice dragon skeleton (Crypt:2)
  14 ushabtiu
  5 air elementals
  40 ynoxinuls
  4 wyverns
  A wyvern (shapeshifter) (Elf:3)
  A fire dragon skeleton (Crypt:1)
  42 yaks
  4 basilisks
  4 fire bats (Abyss:3)
  4 fire elementals
  3 redbacks
  13 wraiths
  8 golden eyes
  12 chaos spawn
  21 small abominations
  3 steam dragons (D:10)
  24 neqoxecs
  A redback (shapeshifter) (Depths:2)
  16 vampire mosquitoes
  6 harpy simulacra
  16 swamp worms
  2 wargs
  Edmund (D:6)
  37 nagas
  4 acid dragons
  A floating eye (Depths:2)
  A demonspawn skeleton (Crypt:2)
  4 hydra simulacra
  11 water moccasins
  6 hell hounds
  8 swamp drakes
  2 black bears (Lair:5)
  32 orc warriors
  An ice beast (D:8)
  2 sky beasts (D:6)
  6 ogres
  4 boggarts (Lair:5)
  An alligator simulacrum (Hell)
  21 wolves
  3 centaurs
  A swamp dragon skeleton (Crypt:2)
  A dream sheep skeleton (Crypt:1)
  A phantom (D:4)
  8 kobold brigands
  A rime drake skeleton (Crypt:3)
  8 bullfrogs
  5 scorpions
  9 necrophages
  5 earth elementals
  8 gnoll sergeants
  5 two-headed ogre simulacra (IceCv)
  15 wights
  A warg zombie (Crypt:2)
  A yak zombie (Crypt:2)
  A warg skeleton (Crypt:1)
  38 killer bees
  2 swamp dragon simulacra
  An elephant simulacrum (IceCv)
  A howler monkey (D:7)
  A troll skeleton (Crypt:3)
  11 electric eels
  8 crimson imps (Pan)
  2 quasits (Abyss:3)
  3 iron imps
  19 orc priests
  4 hounds
  4 jellies
  6 gnoll boudas
  2 iguanas
  25 orc wizards
  10 hell rats
  2 polar bear simulacra (IceCv)
  8 spriggan simulacra
  6 troll simulacra (IceCv)
  2 wolf simulacra (IceCv)
  A deep dwarf zombie (Crypt:1)
  21 mummies
  2 adders
  19 gnolls
  5 naga simulacra (IceCv)
  A shadow imp (D:8)
  9 white imps (IceCv)
  8 ufetubi
  An adder zombie (Ossuary)
  A worm (D:5)
  4 dart slugs
  81 orcs
  6 ball pythons
  3 bats
  A bat zombie (Crypt:3)
  12 endoplasms
  A giant cockroach (D:4)
  14 goblins
  7 hobgoblins
  4 jackals (D:2)
  6 quokkas
  5 ball python skeletons (Ossuary)
  A dart slug zombie (Crypt:1)
  3 frilled lizards
  A frilled lizard skeleton (Crypt:2)
  A hobgoblin skeleton (Ossuary)
  2 hobgoblin zombies (Ossuary)
  A jackal skeleton (Crypt:3)
  16 kobolds
  An orc zombie (Ossuary)
  3 rats (D:2)
  A butterfly (Lair:2)
  A creeping inferno (Geh:2)
  8 fire vortices
  A lurking horror (Abyss:3)
  9 starspawn tentacles
  4 tentacles (Tar:7)
3972 creatures vanquished.

Vanquished Creatures (collateral kills)
  A dread lich (Dis:7)
  Khufu (Tomb:3)
  A juggernaut (Dis:7)
  5 royal mummies
  3 caustic shrikes (Dis:6)
  A doom hound (Tar:3)
  An Ice Fiend (Coc:7)
  5 hellephants (Geh:7)
  A lich (Pan)
  A sphinx (Tomb:1)
  3 ancient champions
  A fire giant (Geh:7)
  2 narguns (Coc:7)
  A balrug (Geh:7)
  A war gargoyle (Dis:7)
  A caustic shrike skeleton (Tomb:3)
  3 bennus
  A wendigo (Coc:7)
  An iron golem (Dis:3)
  A blizzard demon (Pan)
  A mummy priest (Tomb:1)
  A stoker (Geh:7)
  19 death scarabs
  4 hell hogs (Geh:7)
  A deep elf knight (D:13)
  2 sixfirhies (Pan)
  A skeletal warrior (Tomb:3)
  A glowing orange brain (Pan)
  A swamp dragon (Swamp:4)
  An iron dragon skeleton (Tomb:1)
  2 smoke demons (Pan)
  2 hellions (Geh:7)
  3 hellwings (Pan)
  20 guardian mummies
  A hydra zombie (Tomb:3)
  A harpy zombie (Tomb:2)
  9 flying skulls
  4 ushabtiu
  A chaos spawn (Pan)
  A swamp dragon skeleton (Tomb:1)
  12 mummies
  A creeping inferno (Geh:7)
  5 fire vortices (Geh:7)
129 creatures vanquished.

Vanquished Creatures (others)
  4 royal mummies
  A shard shrike (Coc:7)
  A caustic shrike (Dis:4)
  A Brimstone Fiend (Geh:7)
  An iron giant (Dis:7)
  9 Ice Fiends
  2 Hell Sentinels
  2 liches
  8 titans
  6 ancient champions
  A death cob (Zot:4)
  3 sphinxes (Tomb:1)
  A nargun (Coc:7)
  A revenant (Tomb:2)
  A fire giant (Geh:4)
  A quicksilver elemental (Dis:7)
  2 balrugs (Geh:7)
  2 shard shrike simulacra
  3 war gargoyles (Dis:7)
  8 bennus
  2 elemental wellsprings (Coc:7)
  3 wendigos (Coc:7)
  11 mummy priests
  2 caustic shrike simulacra
  15 death scarabs
  4 crystal echidnas (Dis:7)
  A deep elf knight (Elf:1)
  A bunyip zombie (Tomb:1)
  3 skeletal warriors
  A deep elf pyromancer (Elf:2)
  2 orc knights
  2 deep elf zephyrmancers (Elf:1)
  A black mamba (Snake:1)
  A smoke demon (Pan)
  4 hellions
  A tormentor (Coc:7)
  9 guardian mummies
  An iron giant simulacrum (Coc:7)
  2 bloated husks
  A slime creature (Slime:5)
  7 flying skulls
  2 ushabtiu
  A neqoxec (Pan)
  A naga (Snake:1)
  A harpy simulacrum (Coc:2)
  A wolf (Lair:5)
  A scorpion (D:13)
  An orc priest (D:6)
  14 mummies
  A gnoll (D:10)
  6 ball lightnings (Pan)
  A bush (Swamp:4)
  2 creeping infernos
  A demonic plant (D:9)
  3 fire vortices
  40 fungi
  A lurking horror (Abyss:3)
  60 plants
  A snaplasher vine (Pan)
  8 starspawn tentacles
  21 tentacles (Tar:7)
299 creatures vanquished.

Grand Total: 4400 creatures vanquished

Table legend:
 A = Non-vault XP
 B = Vault XP
 C = Vault XP percentage of total XP
 D = Non-vault monster count
 E = Vault monster count
 F = Vault count percentage of total count
                 A         B        C        D         E       F
            +---------+---------+-------+---------+---------+-------
      Total | 1671719 | 1352728 |  44.7 |    2536 |    1513 |  37.4
            +---------+---------+-------+---------+---------+-------
        D:1 |      24 |       0 |   0.0 |      14 |       0 |   0.0
        D:2 |      47 |       5 |   9.6 |      24 |       3 |  11.1
        D:3 |      32 |       0 |   0.0 |      10 |       0 |   0.0
        D:4 |     469 |       0 |   0.0 |      27 |       0 |   0.0
        D:5 |     498 |       0 |   0.0 |      22 |       0 |   0.0
        D:6 |     512 |     164 |  24.3 |      10 |       1 |   9.1
        D:7 |     585 |       0 |   0.0 |      10 |       0 |   0.0
        D:8 |    1547 |    2425 |  61.1 |      34 |       6 |  15.0
        D:9 |     971 |    1889 |  66.0 |      19 |       8 |  29.6
       D:10 |    4300 |    2275 |  34.6 |      25 |      21 |  45.7
       D:11 |    3628 |       0 |   0.0 |      15 |       0 |   0.0
       D:12 |    3596 |    1508 |  29.5 |      20 |       5 |  20.0
       D:13 |    3247 |   24407 |  88.3 |       9 |      84 |  90.3
       D:14 |    6796 |       0 |   0.0 |      16 |       0 |   0.0
       D:15 |    7534 |    4875 |  39.3 |      25 |      10 |  28.6
     Lair:1 |    5194 |       0 |   0.0 |      15 |       0 |   0.0
     Lair:2 |    6447 |    5869 |  47.7 |      26 |      15 |  36.6
     Lair:3 |   12089 |     235 |   1.9 |      31 |       2 |   6.1
     Lair:4 |    5292 |    2812 |  34.7 |      15 |       7 |  31.8
     Lair:5 |   18931 |    9315 |  33.0 |      53 |      46 |  46.5
    Swamp:1 |   11566 |       0 |   0.0 |      21 |       0 |   0.0
    Swamp:2 |    9324 |       0 |   0.0 |      18 |       0 |   0.0
    Swamp:3 |   16869 |       0 |   0.0 |      27 |       0 |   0.0
    Swamp:4 |   15973 |   22130 |  58.1 |      26 |      34 |  56.7
    Snake:1 |    9133 |    1703 |  15.7 |      18 |       7 |  28.0
    Snake:2 |   24909 |       0 |   0.0 |      48 |       0 |   0.0
    Snake:3 |   13620 |   12534 |  47.9 |      29 |      18 |  38.3
    Snake:4 |   25564 |   27533 |  51.9 |      47 |      40 |  46.0
    Slime:1 |    7862 |       0 |   0.0 |       6 |       0 |   0.0
    Slime:2 |    4011 |       0 |   0.0 |       5 |       0 |   0.0
    Slime:3 |    5619 |       0 |   0.0 |      11 |       0 |   0.0
    Slime:4 |   18061 |       0 |   0.0 |      33 |       0 |   0.0
    Slime:5 |    8153 |   20648 |  71.7 |      21 |      16 |  43.2
      Orc:1 |    2202 |       0 |   0.0 |      36 |       0 |   0.0
      Orc:2 |    2171 |    7511 |  77.6 |      24 |      24 |  50.0
      Elf:1 |    6783 |    6710 |  49.7 |      14 |      11 |  44.0
      Elf:2 |    9406 |    3324 |  26.1 |      19 |       4 |  17.4
      Elf:3 |   21230 |   42627 |  66.8 |      42 |      38 |  47.5
   Vaults:1 |   30163 |   26909 |  47.1 |      46 |      41 |  47.1
   Vaults:2 |   35500 |   11314 |  24.2 |      47 |      16 |  25.4
   Vaults:3 |   37374 |   26583 |  41.6 |      52 |      39 |  42.9
   Vaults:4 |   27541 |   26889 |  49.4 |      39 |      31 |  44.3
   Vaults:5 |   22890 |   93537 |  80.3 |      37 |      90 |  70.9
    Crypt:1 |   30248 |    6278 |  17.2 |      43 |       2 |   4.4
    Crypt:2 |   37283 |       0 |   0.0 |      54 |       0 |   0.0
    Crypt:3 |   33598 |   24248 |  41.9 |      46 |      58 |  55.8
     Tomb:1 |   11418 |   34564 |  75.2 |      27 |      31 |  53.4
     Tomb:2 |   12296 |   23598 |  65.7 |      29 |      29 |  50.0
     Tomb:3 |   10879 |   40732 |  78.9 |      29 |      52 |  64.2
   Depths:1 |   20423 |    8980 |  30.5 |      25 |      11 |  30.6
   Depths:2 |   29360 |   39917 |  57.6 |      34 |      46 |  57.5
   Depths:3 |   11366 |    2365 |  17.2 |      13 |       3 |  18.8
   Depths:4 |   38040 |   25118 |  39.8 |      51 |      18 |  26.1
       Hell |   24760 |   26462 |  51.7 |      36 |      45 |  55.6
      Dis:1 |   17556 |       0 |   0.0 |       8 |       0 |   0.0
      Dis:2 |     953 |       0 |   0.0 |       1 |       0 |   0.0
      Dis:3 |    1721 |       0 |   0.0 |       2 |       0 |   0.0
      Dis:4 |   17431 |       0 |   0.0 |      10 |       0 |   0.0
      Dis:6 |   15424 |       0 |   0.0 |      15 |       0 |   0.0
      Dis:7 |   11799 |   45552 |  79.4 |       9 |      29 |  76.3
      Geh:1 |   12236 |       0 |   0.0 |      15 |       0 |   0.0
      Geh:2 |   15416 |     825 |   5.1 |      14 |       1 |   6.7
      Geh:3 |    8657 |       0 |   0.0 |       7 |       0 |   0.0
      Geh:4 |   17946 |       0 |   0.0 |      16 |       0 |   0.0
      Geh:5 |   13081 |       0 |   0.0 |       7 |       0 |   0.0
      Geh:6 |   13623 |       0 |   0.0 |      12 |       0 |   0.0
      Geh:7 |   10735 |   35463 |  76.8 |       9 |      20 |  69.0
      Coc:1 |    4707 |       0 |   0.0 |       8 |       0 |   0.0
      Coc:2 |    9133 |       0 |   0.0 |      16 |       0 |   0.0
      Coc:3 |   18281 |       0 |   0.0 |      11 |       0 |   0.0
      Coc:6 |    4708 |       0 |   0.0 |       4 |       0 |   0.0
      Coc:7 |    7424 |   56631 |  88.4 |       8 |      32 |  80.0
      Tar:1 |   14570 |       0 |   0.0 |      13 |       0 |   0.0
      Tar:2 |   21182 |    4358 |  17.1 |      16 |       5 |  23.8
      Tar:3 |   23138 |       0 |   0.0 |      16 |       0 |   0.0
      Tar:4 |    9792 |   33340 |  77.3 |       7 |       7 |  50.0
      Tar:5 |    1177 |       0 |   0.0 |       1 |       0 |   0.0
      Tar:6 |   14598 |       0 |   0.0 |       7 |       0 |   0.0
      Tar:7 |   46679 |  113468 |  70.9 |      31 |      65 |  67.7
      Zot:1 |   69167 |    4518 |   6.1 |      64 |       4 |   5.9
      Zot:2 |   17788 |   14189 |  44.4 |      14 |       8 |  36.4
      Zot:3 |   19075 |       0 |   0.0 |      16 |       0 |   0.0
      Zot:4 |   58756 |   11622 |  16.5 |      44 |      10 |  18.5
      Zot:5 |   37429 |  107610 |  74.2 |      27 |      46 |  63.0
    Abyss:3 |   65989 |       0 |   0.0 |     143 |       0 |   0.0
    Abyss:4 |   18965 |    4685 |  19.8 |      39 |       9 |  18.8
        Pan |  345249 |  296459 |  46.2 |     453 |     272 |  37.5
    Ossuary |       0 |     559 | 100.0 |       0 |      14 | 100.0
     Bailey |       0 |    1430 | 100.0 |       0 |      28 | 100.0
      IceCv |       0 |    4026 | 100.0 |       0 |      51 | 100.0
            +---------+---------+-------+---------+---------+-------

Illustrated notes

Table legend:
 A = Kills in this place as a percentage of kills in entire the game.
 B = Kills by you in this place as a percentage of kills by you in the entire game.
 C = Kills by friends in this place as a percentage of kills by friends in the entire game.
 D = Other kills in this place as a percentage of other kills in the entire game.
 E = Experience gained in this place as a percentage of experience gained in the entire game.
 F = Experience gained in this place divided by the number of levels of this place that you have seen.
                   A       B       C       D       E      F
               +-------+-------+-------+-------+-------+----------------------
         Total | 100.0 | 100.0 | 100.0 | 100.0 | 100.0 | 25997.1
       Dungeon |  10.4 |  10.7 |   0.9 |   0.0 |   2.5 | 5093.5
          Lair |   5.2 |   5.3 |   0.0 |   0.0 |   2.2 | 13236.8
         Swamp |   3.1 |   3.2 |   0.9 |   0.0 |   2.5 | 18965.5
     Snake Pit |   5.1 |   5.3 |   0.0 |   0.0 |   3.8 | 28749.0
    Slime Pits |   2.3 |   2.3 |   0.0 |   5.0 |   2.1 | 12870.8
  Orcish Mines |   2.1 |   2.1 |   0.0 |   0.0 |   0.4 | 5942.0
   Elven Halls |   3.1 |   3.2 |   0.0 |  15.0 |   3.0 | 30026.7
        Vaults |  10.8 |  11.1 |   0.0 |  10.0 |  11.1 | 67740.0
         Crypt |   5.0 |   5.2 |   0.0 |   0.0 |   4.3 | 43885.0
          Tomb |   4.8 |   3.0 |  65.5 |  30.0 |   4.4 | 44495.7
        Depths |   5.1 |   5.2 |   0.0 |   0.0 |   5.9 | 44956.2
          Hell |   2.0 |   2.1 |   0.0 |   0.0 |   1.7 | 51222.0
           Dis |   1.8 |   1.6 |   7.1 |  10.0 |   3.6 | 15776.6
       Gehenna |   2.5 |   2.2 |  12.4 |   5.0 |   4.2 | 18283.1
       Cocytus |   1.9 |   1.9 |   2.7 |  15.0 |   3.3 | 16814.0
      Tartarus |   4.1 |   4.2 |   0.9 |   0.0 |   9.3 | 40328.9
           Zot |   5.9 |   6.1 |   0.0 |   5.0 |  11.4 | 69609.6
         Abyss |   4.7 |   4.9 |   0.0 |   0.0 |   2.9 | 22409.8
   Pandemonium |  17.8 |  18.1 |   9.7 |   5.0 |  21.1 | 29168.5
       Ossuary |   0.3 |   0.4 |   0.0 |   0.0 |   0.0 | 559.0
        Bailey |   0.7 |   0.7 |   0.0 |   0.0 |   0.0 | 1430.0
      Ice Cave |   1.3 |   1.3 |   0.0 |   0.0 |   0.1 | 4026.0
               +-------+-------+-------+-------+-------+----------------------

Table legend: (Time is in decaauts)
 A = Elapsed time spent in this place.
 B = Non-inter-level travel time spent in this place.
 C = Inter-level travel time spent in this place.
 D = Time resting spent in this place.
 E = Time spent auto-exploring this place.
 F = Levels seen in this place.
 G = Mean time per level.
                   A        B        C        D        E       F      G
               +--------+--------+--------+--------+--------+-----+--------+
         Total | 102645 |  90803 |  11842 |  11967 |  49776 | 117 |  877.3 |
       Dungeon |  18918 |  15778 |   3140 |   2687 |   9563 |  15 | 1261.2 |
        Temple |    167 |     67 |    100 |      0 |     61 |   1 |  167.0 |
          Lair |  10604 |   8312 |   2292 |   2408 |   4205 |   5 | 2120.8 |
         Swamp |   3285 |   2971 |    314 |     10 |   2264 |   4 |  821.2 |
     Snake Pit |   6807 |   6167 |    640 |   1544 |   3140 |   4 | 1701.8 |
    Slime Pits |   2019 |   1899 |    120 |    321 |    821 |   5 |  403.8 |
  Orcish Mines |   2909 |   2393 |    516 |    768 |   1071 |   2 | 1454.5 |
   Elven Halls |   4162 |   4000 |    162 |    940 |   2063 |   3 | 1387.3 |
        Vaults |   9622 |   8561 |   1061 |    952 |   5179 |   5 | 1924.4 |
         Crypt |   4065 |   3620 |    445 |      0 |   2759 |   3 | 1355.0 |
          Tomb |   2671 |   2456 |    215 |    184 |   1218 |   3 |  890.3 |
        Depths |   6723 |   5559 |   1164 |     96 |   4342 |   4 | 1680.8 |
          Hell |   1499 |   1317 |    182 |    309 |    531 |   1 | 1499.0 |
           Dis |   1423 |   1230 |    193 |    444 |      0 |   7 |  203.3 |
       Gehenna |   1433 |   1234 |    199 |      0 |      0 |   7 |  204.7 |
       Cocytus |   1104 |   1071 |     33 |     25 |    248 |   6 |  184.0 |
      Tartarus |   3097 |   2859 |    238 |     16 |   1273 |   7 |  442.4 |
           Zot |   7341 |   6520 |    821 |    234 |   4700 |   5 | 1468.2 |
         Abyss |    975 |    975 |      0 |      0 |    219 |   4 |  243.8 |
   Pandemonium |  11498 |  11498 |      0 |    321 |   5214 |  22 |  522.6 |
        Bazaar |     95 |     95 |      0 |      0 |     87 |   1 |   95.0 |
       Ossuary |    327 |    327 |      0 |     68 |    171 |   1 |  327.0 |
        Bailey |    817 |    817 |      0 |    291 |    168 |   1 |  817.0 |
      Ice Cave |   1074 |   1074 |      0 |    344 |    475 |   1 | 1074.0 |
               +--------+--------+--------+--------+--------+-----+--------+

Top non-repeatable levels by time:
    D:13: 2668 daAuts
  Lair:2: 2629 daAuts
Vaults:1: 2359 daAuts
  Lair:4: 2248 daAuts
Depths:4: 2137 daAuts
   Tar:7: 2121 daAuts
  Lair:1: 2072 daAuts
   Elf:3: 2067 daAuts
Vaults:3: 2044 daAuts
  Lair:5: 2022 daAuts
   Orc:2: 2014 daAuts
 Snake:1: 1955 daAuts
 Crypt:3: 1922 daAuts
Depths:2: 1826 daAuts
   Zot:5: 1813 daAuts
